 Dungeon Crawl Stone Soup version 0.24-a0-217-g1152973 (webtiles) character file.

Game seed: 954589521301770788

752307 Mgcat the Slingshot (level 27, -1/229 HPs)
             Began as a Mummy Berserker on Mar 28, 2019.
             Was a High Priest of Trog.
             Slain by an Orb Guardian (6 damage)
             ... on level 5 of the Realm of Zot on Mar 29, 2019.
             The game lasted 06:24:01 (102575 turns).

Mgcat the Slingshot (Mummy Berserker)             Turns: 102575, Time: 06:24:02

Health: -1/229     AC: 30    Str: 43 (44) XL:     27
Magic:  0/36       EV: 24    Int:  8      God:    Trog [*****.]
Gold:   625        SH: 19    Dex: 17      Spells: 30/30 levels left

rFire    + . .     SeeInvis .   R - +9 fustibalus (velocity)
rCold    + . .     Gourm    .   p - +2 shield {AC+3}
rNeg     + + +     Faith    +   U - +8 ring mail "Baclixo" {rPois rN+ Str+6 Int-3}
rPois    ∞         Spirit   +   B - +2 helmet {Int+3}
rElec    +         Reflect  .   V - scarf {Spirit}
rCorr    .         Harm     .   Z - +2 pair of gloves
MR       ++++.                  M - +2 pair of boots {run}
Stlth    ++........             w - amulet of Dithmenos's Favour {Faith *Contam rElec rPois Str+3}
HPRegen  0.48/turn              H - ring of Xuawkoq {rF+ Str+7 Dex+2 Stlth+}
MPRegen  0.25/turn              u - ring of the Special Songs {+Fly rElec rF+ MR+}

@: quick
A: no food or potions, fire vulnerability, cold resistance 1, negative energy
resistance 3, torment resistance, unbreathing, in touch with death 2
}: 5/15 runes: decaying, serpentine, slimy, silver, abyssal
a: Trog's Hand, Brothers in Arms, Renounce Religion, Evoke Flight


You were on level 5 of the Realm of Zot.
You worshipped Trog.
Trog was extremely pleased with you.
You were not hungry.

You visited 12 branches of the dungeon, and saw 58 of its levels.
You visited the Abyss 5 times.
You also visited: Trove, Bailey and Gauntlet.

You collected 10067 gold pieces.
You spent 9442 gold pieces at shops.

Inventory:

Hand Weapons
 o - a +9 fustibalus of venom
   (Trog gifted it to you on level 6 of the Lair of Beasts)
 C - a +8 demon whip of freezing
   (You took it off a minotaur in a Gauntlet)
 R - a +9 fustibalus of velocity (weapon)
   (Trog gifted it to you on level 5 of the Vaults)
Missiles
 d - 331 sling bullets (quivered)
 e - 609 stones
 G - 13 silver javelins
 J - a throwing net {=f, !d}
Armour
 p - a +2 shield of protection (worn)
   (You took it off a tengu reaver on level 15 of the Dungeon)
 B - a +2 helmet of intelligence (worn)
   (You found it in a Gauntlet)
 M - a +2 pair of boots of running (worn)
   (You bought it in a shop on level 2 of the Depths)
 U - the +8 ring mail "Baclixo" (worn) {rPois rN+ Str+6 Int-3}
   (You found it on level 2 of the Realm of Zot)

   It affects your strength (+6).
   It affects your intelligence (-3).
   It protects you from poison.
   It protects you from negative energy.
 V - a scarf of spirit shield (worn)
   (You bought it in a shop on level 2 of the Depths)
 Z - a +2 pair of gloves (worn)
   (You found it on level 5 of the Vaults)
Jewellery
 a - the ring "Houcug" {+Inv Str+2}
   (You found it in a Gauntlet)

   [ring of strength]

   It affects your strength (+2).
   It lets you turn invisible.
 f - an uncursed ring of see invisible {sInv, !d}
   (You bought it in a shop on level 2 of the Orcish Mines)
 k - an uncursed ring of protection from cold {rC+, !d}
   (You found it on level 4 of the Dungeon)
 r - an uncursed ring of resist corrosion
   (You took it off a hell knight on level 5 of the Vaults)
 u - the ring of the Special Songs (right hand) {+Fly rElec rF+ MR+}
   (You found it on level 5 of the Pits of Slime)

   [ring of protection from magic]

   It protects you from fire.
   It insulates you from electricity.
   It affects your resistance to hostile enchantments.
   It lets you fly.
 w - the amulet of Dithmenos's Favour (around neck) {Faith *Contam rElec rPois Str+3}
   (You found it on level 3 of the Depths)

   [amulet of faith]

   It allows you to gain divine favour quickly.
   It affects your strength (+3).
   It insulates you from electricity.
   It protects you from poison.
   It causes magical contamination when unequipped.
 H - the ring of Xuawkoq (left hand) {rF+ Str+7 Dex+2 Stlth+}
   (You found it on level 5 of the Pits of Slime)

   [ring of stealth]

   It affects your strength (+7).
   It affects your dexterity (+2).
   It protects you from fire.
   It makes you more stealthy.
 N - an uncursed ring of flight {+Fly, !d}
   (You bought it in a shop on level 2 of the Orcish Mines)
 S - a +5 ring of protection
   (You bought it in a shop on level 4 of the Snake Pit)
Wands
 j - a wand of paralysis (40)
   (You found it on level 3 of the Dungeon)
 l - a wand of digging (28)
   (You found it on level 3 of the Dungeon)
 n - a wand of polymorph (56)
   (You found it on level 4 of the Dungeon)
 D - a wand of enslavement (13)
   (You found it on level 5 of the Lair of Beasts)
 I - a wand of iceblast (69)
   (You found it in a Gauntlet)
 K - a wand of disintegration (23)
   (You found it on level 1 of the Depths)
 Q - a wand of clouds (4)
   (You found it on level 1 of the Abyss)
 X - a wand of acid (6)
   (You took it off an orc on level 5 of the Vaults)
Scrolls
 g - 6 scrolls of teleportation
 i - 41 scrolls of identify
 m - 2 scrolls of silence
 q - 34 scrolls of remove curse
 t - 13 scrolls of fog
 x - 4 scrolls of fear
 L - a scroll of summoning
 O - 4 scrolls of noise {!r}
 P - 3 scrolls of magic mapping {!r}
Miscellaneous
 b - 4 sacks of spiders
 c - a crystal ball of energy
   (You found it in a treasure trove)
 s - 2 phantom mirrors
 v - a lamp of fire
   (You found it on level 13 of the Dungeon)
 y - a lightning rod (4/4)
   (You found it in a treasure trove)
 z - a fan of gales
   (You found it on level 2 of the Realm of Zot)
 A - 3 boxes of beasts
 F - a phial of floods
   (You found it in a treasure trove)


   Skills:
 + Level 21.4 Fighting
 - Level 12.0 Maces & Flails
 + Level 23.4 Slings
 + Level 16.2 Armour
 + Level 16.2 Dodging
 + Level 16.2 Shields
 - Level 2.3 Spellcasting
 - Level 18.0 Evocations


You had 30 spell levels left.
You didn't know any spells.
Your spell library contained the following spells:

 Spells                   Type           Power        Failure   Level  Hunger
 Apportation              Tloc           #.....       38%         1    N/A
 Confusing Touch          Hex            #.....       38%         1    N/A
 Corona                   Hex            #......      38%         1    N/A
 Flame Tongue             Conj/Fire      #....        38%         1    N/A
 Infusion                 Chrm           #...         38%         1    N/A
 Magic Dart               Conj           #...         38%         1    N/A
 Sandblast                Erth           #.....       38%         1    N/A
 Shock                    Conj/Air       #...         38%         1    N/A
 Sting                    Conj/Pois      #...         38%         1    N/A
 Summon Butterflies       Summ           #.......     38%         1    N/A
 Summon Small Mammal      Summ           #...         38%         1    N/A
 Blink                    Tloc           N/A          54%         2    N/A
 Call Imp                 Summ           #.......     54%         2    N/A
 Corpse Rot               Necr           N/A          54%         2    N/A
 Ensorcelled Hibernation  Hex/Ice        #.....       54%         2    N/A
 Passwall                 Tmut/Erth      #.......     54%         2    N/A
 Poisonous Vapours        Pois/Air       #.....       54%         2    N/A
 Searing Ray              Conj           #.....       54%         2    N/A
 Shroud of Golubria       Chrm/Tloc      #.........   54%         2    N/A
 Slow                     Hex            #.......     54%         2    N/A
 Song of Slaying          Chrm           #.......     54%         2    N/A
 Swiftness                Chrm/Air       #.......     54%         2    N/A
 Throw Flame              Conj/Fire      #.....       54%         2    N/A
 Call Canine Familiar     Summ           #.......     77%         3    N/A
 Confuse                  Hex            #.......     77%         3    N/A
 Conjure Flame            Conj/Fire      #.......     77%         3    N/A
 Dazzling Spray           Conj/Hex       #.....       77%         3    N/A
 Gell's Gravitas          Tloc           #.........   77%         3    N/A
 Ignite Poison            Fire/Tmut/Pois #.......     77%         3    N/A
 Inner Flame              Hex/Fire       #.......     77%         3    N/A
 Lesser Beckoning         Tloc           #.........   77%         3    N/A
 Mephitic Cloud           Conj/Pois/Air  #.......     77%         3    N/A
 Portal Projectile        Hex/Tloc       #.....       77%         3    N/A
 Recall                   Summ/Tloc      N/A          77%         3    N/A
 Spectral Weapon          Hex/Chrm       #.......     77%         3    N/A
 Static Discharge         Conj/Air       #.......     77%         3    N/A
 Stone Arrow              Conj/Erth      #.....       77%         3    N/A
 Summon Guardian Golem    Hex/Summ       #.......     77%         3    N/A
 Tukima's Dance           Hex            #.......     77%         3    N/A
 Airstrike                Air            #.........   99%         4    N/A
 Animate Dead             Necr           N/A          99%         4    N/A
 Cause Fear               Hex            #.........   99%         4    N/A
 Force Lance              Conj/Tloc      #.......     99%         4    N/A
 Fulminant Prism          Conj/Hex       #.........   99%         4    N/A
 Iskenderun's Mystic Bla  Conj           #.......     99%         4    N/A
 Leda's Liquefaction      Hex/Erth       #.........   99%         4    N/A
 Olgreb's Toxic Radiance  Pois           #.......     99%         4    N/A
 Passage of Golubria      Tloc           N/A          99%         4    N/A
 Petrify                  Tmut/Erth      #.......     99%         4    N/A
 Sticky Flame             Conj/Fire      #.......     99%         4    N/A
 Summon Ice Beast         Ice/Summ       #.......     99%         4    N/A
 Summon Lightning Spire   Summ/Air       #.......     99%         4    N/A
 Alistair's Intoxication  Tmut/Pois      #.......     100%        5    N/A
 Aura of Abjuration       Summ           #.........   100%        5    N/A
 Bolt of Draining         Conj/Necr      #.........   100%        5    N/A
 Bolt of Magma            Conj/Fire/Erth #.........   100%        5    N/A
 Borgnjor's Vile Clutch   Necr/Erth      #.........   100%        5    N/A
 Dispel Undead            Necr           #.......     100%        5    N/A
 Excruciating Wounds      Chrm/Necr      #.........   100%        5    N/A
 Fireball                 Conj/Fire      #.........   100%        5    N/A
 Iskenderun's Battlesphe  Conj/Chrm      #.......     100%        5    N/A
 Lee's Rapid Deconstruct  Erth           #.........   100%        5    N/A
 Lightning Bolt           Conj/Air       #.........   100%        5    N/A
 Metabolic Englaciation   Hex/Ice        #.........   100%        5    N/A
 Silence                  Hex/Air        #.........   100%        5    N/A
 Summon Demon             Summ           #.........   100%        5    N/A
 Summon Forest            Summ/Tloc      #.........   100%        5    N/A
 Summon Mana Viper        Hex/Summ       #.......     100%        5    N/A
 Venom Bolt               Conj/Pois      #.........   100%        5    N/A
 Yara's Violent Unravell  Hex/Tmut       #.........   100%        5    N/A
 Bolt of Fire             Conj/Fire      #.........   100%        6    N/A
 Conjure Ball Lightning   Conj/Air       #.........   100%        6    N/A
 Darkness                 Hex            #.........   100%        6    N/A
 Deflect Missiles         Chrm/Air       #.........   100%        6    N/A
 Invisibility             Hex            #.......     100%        6    N/A
 Iron Shot                Conj/Erth      #.........   100%        6    N/A
 Shadow Creatures         Summ           N/A          100%        6    N/A
 Simulacrum               Ice/Necr       #.........   100%        6    N/A
 Haunt                    Necr/Summ      #.........   100%        7    N/A
 Malign Gateway           Summ/Tloc      #.........   100%        7    N/A
 Monstrous Menagerie      Summ           #.........   100%        7    N/A
 Ring of Flames           Chrm/Fire      #.........   100%        7    N/A
 Summon Greater Demon     Summ           #.........   100%        7    N/A
 Summon Hydra             Summ           #.........   100%        7    N/A
 Ignition                 Fire           #.........   100%        8    N/A
 Infestation              Necr           #.........   100%        8    N/A
 Summon Horrible Things   Summ           #.........   100%        8    N/A
 Shatter                  Erth           #.........   100%        9    N/A
 Tornado                  Air            #.........   100%        9    N/A
 Sublimation of Blood     Necr           Unusable     N/A         2    N/A
 Regeneration             Chrm/Necr      Unusable     N/A         3    N/A
 Hydra Form               Tmut           Unusable     N/A         6    N/A
 Statue Form              Tmut/Erth      Unusable     N/A         6    N/A
 Borgnjor's Revivificati  Necr           Unusable     N/A         8    N/A
 Death's Door             Chrm/Necr      Unusable     N/A         8    N/A
 Necromutation            Tmut/Necr      Unusable     N/A         8    N/A

Dungeon Overview and Level Annotations

Branches:
Dungeon (15/15)            Temple (1/1) D:5            Lair (6/6) D:10
  Swamp (4/4) Lair:4        Snake (4/4) Lair:2        Slime (5/5) Lair:6
    Orc (2/2) D:11            Elf (3/3) Orc:2        Vaults (5/5) D:14
  Crypt (3/3) Vaults:2       Tomb (0/3) Crypt:3      Depths (5/5) D:15
    Zot (5/5) Depths:5

Altars:
Ashenzari
Cheibriados
Dithmenos
Elyvilon
Fedhas
Gozag
Hepliaklqana
Kikubaaqudgha
Makhleb
Nemelex Xobeh
Okawaru
Qazlal
Ru
Sif Muna
Trog
Uskayaw
Vehumet
Wu Jian
Xom
Yredelemnul
Zin
The Shining One
Jiyva
Lugonu

Shops:
D:7 %!   Orc:2 [((=   Elf:2 }   Elf:3 (   Snake:3 !   Snake:4 }==   Vaults:1 }
Depths:2 [?:   Depths:5 :??

Portals:
Hell: Depths:1 Depths:2 Depths:3 Depths:4 Depths:5
Abyss: Depths:1 Depths:4
Pandemonium: Depths:2 Depths:3 Depths:5
Ziggurat: Depths:5

Annotations:
Depths:5 4 exclusions


Innate Abilities, Weirdness & Mutations

You do not eat or drink.
Your flesh is vulnerable to fire.
You are immune to poison.
Your flesh is cold resistant. (rC+)
You are immune to negative energy. (rN+++)
You are immune to unholy pain and torment.
You can survive without breathing.
You are strongly in touch with the powers of death.


Message History

An ancient lich comes into view.
Your moth of wrath bites the orb of fire!
Danger x5: orb of fire x3, ancient lich x2!
Unknown command.
Unknown command.
Unknown command.
Unknown command.
Unknown command.
Unknown command.
Danger x5: orb of fire x3, ancient lich x2!
Unknown command.
Unknown command.
Unknown command.
Unknown command.
Unknown command.
Unknown command.
Danger x5: orb of fire x3, ancient lich x2!
Okay, then.
Unknown command.
Your yellow draconian completely misses the orb of fire.
The Killer Klown blinks!
Your moth of wrath misses the orb of fire.
Danger x7: orb of fire x4, ancient lich x2, moth of wrath!
Unknown command.
Unknown command.
Unknown command.
Unknown command.
Unknown command.
Unknown command.
Danger x7: orb of fire x4, ancient lich x2, moth of wrath!
Unknown command.
Your yellow draconian barely misses the orb of fire.
You block the Orb Guardian's attack.
Your moth of wrath bites the orb of fire but does no damage.
Your yellow draconian misses the orb of fire.
Unknown command.
Danger x7: orb of fire x4, ancient lich x2, moth of wrath!
Unknown command.
Unknown command.
Unknown command.
Your moth of wrath closely misses the orb of fire.
Your yellow draconian barely misses the orb of fire.
Unknown command.
Danger x7: orb of fire x4, ancient lich x2, moth of wrath!
Unknown command.
Unknown command.
Unknown command.
Unknown command.
Okay, then.
Unknown command.
Danger x7: orb of fire x4, ancient lich x2, moth of wrath!
Evoke which item? (* to show all) (? for menu, Esc to quit)
Okay, then.
Unknown command.
Your moth of wrath misses the orb of fire.
Your yellow draconian hits the orb of fire but does no damage.
Warning x3: The ancient lich might cast Banishment, Paralyse, SGD, IOOD, or LCS, or go Invisible!
The orb of fire can cast Fireball and Bolt of Fire, and mutate you!
You are not wearing rMut! x2
Unknown command.
Warning x3: The ancient lich might cast Banishment, Paralyse, SGD, IOOD, or LCS, or go Invisible!
The orb of fire can cast Fireball and Bolt of Fire, and mutate you!
You are not wearing rMut! x2
Unknown command.
Warning x3: The ancient lich might cast Banishment, Paralyse, SGD, IOOD, or LCS, or go Invisible!
The orb of fire can cast Fireball and Bolt of Fire, and mutate you!
You are not wearing rMut! x2
Unknown command.
Warning x3: The ancient lich might cast Banishment, Paralyse, SGD, IOOD, or LCS, or go Invisible!
The orb of fire can cast Fireball and Bolt of Fire, and mutate you!
You are not wearing rMut! x2
Unknown command.
Warning x3: The ancient lich might cast Banishment, Paralyse, SGD, IOOD, or LCS, or go Invisible!
The orb of fire can cast Fireball and Bolt of Fire, and mutate you!
You are not wearing rMut! x2
Unknown command.
Warning x3: The ancient lich might cast Banishment, Paralyse, SGD, IOOD, or LCS, or go Invisible!
The orb of fire can cast Fireball and Bolt of Fire, and mutate you!
You are not wearing rMut! x2
Unknown command.
Warning x3: The ancient lich might cast Banishment, Paralyse, SGD, IOOD, or LCS, or go Invisible!
The orb of fire can cast Fireball and Bolt of Fire, and mutate you!
You are not wearing rMut! x2
Unknown command.
Warning x3: The ancient lich might cast Banishment, Paralyse, SGD, IOOD, or LCS, or go Invisible!
The orb of fire can cast Fireball and Bolt of Fire, and mutate you!
You are not wearing rMut! x2
Unknown command.
Warning x3: The ancient lich might cast Banishment, Paralyse, SGD, IOOD, or LCS, or go Invisible!
The orb of fire can cast Fireball and Bolt of Fire, and mutate you!
You are not wearing rMut! x2
You hear a roar!
Warning x2: The ancient lich might cast Banishment, Paralyse, SGD, IOOD, or LCS, or go Invisible!
The orb of fire can cast Fireball and Bolt of Fire, and mutate you!
You are not wearing rMut!
Unknown command.
Warning x2: The ancient lich might cast Banishment, Paralyse, SGD, IOOD, or LCS, or go Invisible!
The orb of fire can cast Fireball and Bolt of Fire, and mutate you!
You are not wearing rMut!
Unknown command.
Warning x2: The ancient lich might cast Banishment, Paralyse, SGD, IOOD, or LCS, or go Invisible!
The orb of fire can cast Fireball and Bolt of Fire, and mutate you!
You are not wearing rMut!
Unknown command.
Warning x2: The ancient lich might cast Banishment, Paralyse, SGD, IOOD, or LCS, or go Invisible!
The orb of fire can cast Fireball and Bolt of Fire, and mutate you!
You are not wearing rMut!
Unknown command.
Warning x2: The ancient lich might cast Banishment, Paralyse, SGD, IOOD, or LCS, or go Invisible!
The orb of fire can cast Fireball and Bolt of Fire, and mutate you!
You are not wearing rMut!
Unknown command.
Warning x2: The ancient lich might cast Banishment, Paralyse, SGD, IOOD, or LCS, or go Invisible!
The orb of fire can cast Fireball and Bolt of Fire, and mutate you!
You are not wearing rMut!
Unknown command.
Warning x2: The ancient lich might cast Banishment, Paralyse, SGD, IOOD, or LCS, or go Invisible!
The orb of fire can cast Fireball and Bolt of Fire, and mutate you!
You are not wearing rMut!
Unknown command.
Warning x2: The ancient lich might cast Banishment, Paralyse, SGD, IOOD, or LCS, or go Invisible!
The orb of fire can cast Fireball and Bolt of Fire, and mutate you!
You are not wearing rMut!
Danger x4: ancient lich, orb of fire x3!
Unknown command.
Unknown command.
Unknown command.
Unknown command.
The orb of fire glows deep purple.
The bolt of fire hits the orb of fire.
The orb of fire completely resists.
The bolt of fire hits you! You resist.
* * * LOW HITPOINT WARNING * * *
The Orb Guardian hits you!
You die...

##.............).)
##................#
##................##
##...............§###
##..........y...(.###.
##.).......*.d..d(###..
##.).).)...*XX....#(#...
##..........#*....XL.§.y.
##.<).|..@XL###.....y.....
##...###....###....X.......
#...###....###..?......^###
▓▓▓##*######*######▓▓▓▓####
**,,,,,,,,,,,,,,** #...
**,,,,,,,,,,,,,,,,** ##..
**,,,,,,,,,,,,,,,,,,** #..
*,,,,,,,,,,,,,,,,,,,,* ##.
*,,,,,,,,,,,,,,,,,,,,* #.


You could see 2 orbs of fire, an ancient lich, 3 Orb Guardians, a friendly
yellow draconian (berserk) and a friendly moth of wrath.

Vanquished Creatures
  the Royal Jelly (Slime:5)
  An ancient lich (Zot:5)
  An orb of fire (Zot:5)
  Mara (Swamp:4)
  Mennas (Depths:3)
  2 juggernauts
  Sojobo (Depths:2)
  Margery (Depths:4)
  Bai Suzhen (Depths:3)
  Frederick (Depths:3)
  3 Killer Klowns
  Vashnia (Snake:3)
  Saint Roka (Depths:2)
  A curse toe (Zot:3)
  10 golden dragons
  Nikola (Depths:2)
  7 bone dragons
  2 profane servitors
  2 electric golems (Zot:2)
  13 tentacled monstrosities
  A hellephant (Abyss:1)
  8 liches
  5 Orb Guardians (Zot:5)
  3 deep elf blademasters
  11 quicksilver dragons
  3 deep elf master archers (Elf:3)
  4 Executioners
  13 titans
  14 acid blobs
  5 death cobs
  Agnes (Elf:2)
  4 ancient champions
  13 shadow dragons
  8 sphinxes
  20 tentacled starspawn
  Kirke (Snake:3)
  A thorn hunter (Swamp:4)
  7 draconian monks
  Roxanne (Snake:3)
  7 azure jellies (Slime:5)
  8 tengu reavers
  17 storm dragons
  A fire giant (shapeshifter) (Depths:4)
  2 revenants
  6 draconian knights
  10 nagarajas
  12 vault wardens
  A balrug (Abyss:1)
  9 deep elf sorcerers
  A draconian scorcher (Zot:5)
  An iron dragon (Vaults:5)
  7 fire giants
  A ghost moth (Zot:1)
  A cacodemon (Abyss:1)
  8 frost giants
  7 draconian shifters
  6 deep elf elementalists
  3 curse skulls
  Aizul (Swamp:3)
  4 ghouls
  17 very ugly things
  5 draconian annihilators
  6 draconian stormcallers
  2 war gargoyles (Vaults:5)
  10 ironheart preservers
  21 starcursed masses
  22 stone giants
  An entropy weaver (Vaults:4)
  10 vampire knights
  5 deep elf demonologists
  3 lorocyprocas
  11 black draconians
  A spark wasp (shapeshifter) (Vaults:5)
  7 purple draconians
  9 green draconians
  12 red draconians
  A minotaur (Gauntlet)
  2 deep elf annihilators (Elf:3)
  14 white draconians
  3 spark wasps (Depths:5)
  10 yellow draconians
  Snorg (Lair:3)
  The ghost of confidenceinterval the Cleaver, a journeyman MiFi of Okawaru (Lair:3)
  2 crystal guardians (Vaults:5)
  3 blizzard demons (Abyss:4)
  2 merfolk impalers
  3 eidola
  An ettin (shapeshifter) (Depths:2)
  10 death oozes
  15 ettins
  5 deep elf death magi
  23 jiangshi
  10 deep elf high priests
  24 yaktaur captains
  Harold (D:6)
  6 fire dragons
  15 great orbs of eyes
  9 rakshasas
  27 vault guards
  A quicksilver dragon skeleton (Abyss:1)
  18 naga warriors
  5 spriggan air magi
  13 ice dragons
  11 centaur warriors
  20 hydras
  3 shambling mangroves
  5 catoblepae
  Erolcha (D:12)
  11 death knights
  54 two-headed ogres
  34 dancing weapons
  A spectral frost giant (Crypt:3)
  12 deep troll shamans
  4 hell hogs
  16 death yaks
  2 tengu warriors
  8 alligators
  6 deep troll earth magi
  11 ogre magi
  10 anacondas
  Urug (Orc:2)
  4 spriggan berserkers
  9 vampire magi
  3 orc high priests (Orc:2)
  18 naga sharpshooters
  12 thrashing horrors
  A storm dragon zombie (Crypt:1)
  30 deep elf knights
  29 large abominations
  3 sun demons
  13 hell knights
  A shock serpent (Snake:2)
  A soul eater (Crypt:2)
  2 storm dragon skeletons
  An iron troll (Depths:5)
  A death drake (shapeshifter) (Elf:2)
  37 skeletal warriors
  6 shadow wraiths (Crypt:3)
  4 sixfirhies
  4 salamander mystics
  9 wretched stars
  A spriggan druid (Swamp:4)
  4 unseen horrors
  An unseen horror (shapeshifter) (Vaults:5)
  8 flayed ghosts
  3 naga ritualists
  2 spatial maelstroms (Abyss:1)
  2 shadow demons
  3 lindwurms
  23 deep elf archers
  A lindwurm (shapeshifter) (Vaults:5)
  23 deep trolls
  13 ironbrand convokers
  3 wizards
  9 swamp dragons
  9 glowing orange brains
  13 necromancers
  A golden dragon skeleton (Depths:4)
  A harpy (shapeshifter) (Vaults:2)
  19 phantasmal warriors
  Pikel (D:6)
  4 mana vipers
  18 orc knights
  2 shadow dragon skeletons (Crypt:1)
  7 orc sorcerers
  7 wolf spiders
  32 ugly things
  5 manticores
  5 shining eyes
  A faun (shapeshifter) (Depths:2)
  69 deep elf magi
  6 cyclopes
  A tengu skeleton (Depths:4)
  16 salamanders
  7 draconians
  A salamander (shapeshifter) (Vaults:3)
  32 black mambas
  A sphinx skeleton (Vaults:1)
  4 worldbinders
  16 moths of wrath
  A moth of wrath (shapeshifter) (Vaults:5)
  Maurice (D:11)
  A stone giant skeleton (Crypt:1)
  2 fire giant skeletons
  2 eyes of devastation
  7 guardian serpents
  An iron dragon skeleton (Crypt:1)
  A black mamba (shapeshifter) (Depths:3)
  3 centaur zombies (D:15)
  A shock serpent zombie (Crypt:1)
  A frost giant skeleton (Crypt:2)
  4 apocalypse crabs
  14 smoke demons
  4 orange demons
  35 naga magi
  2 torpor snails (Lair:5)
  2 rust devils
  A spriggan skeleton (Depths:4)
  2 minotaur zombies (Gauntlet)
  3 gargoyles
  Joseph (D:8)
  15 vault sentinels
  A spiny frog (shapeshifter) (Vaults:1)
  17 spiny frogs
  4 efreet
  4 kobold demonologists
  36 yaktaurs
  A red draconian zombie (Crypt:1)
  A hellion (Abyss:1)
  7 komodo dragons
  2 demonic crawlers (Abyss:1)
  An anaconda simulacrum (Crypt:1)
  A rime drake (Lair:1)
  11 freezing wraiths
  2 sea snake zombies (Crypt:2)
  A yellow draconian skeleton (Crypt:2)
  2 shock serpent skeletons
  3 ice devils
  A yaktaur (shapeshifter) (Abyss:1)
  A grey draconian skeleton (Crypt:2)
  A silent spectre (Abyss:3)
  A troll (shapeshifter) (Abyss:4)
  7 trolls
  2 red devils
  A meliai (Lair:3)
  11 ancient zymes
  2 tengu conjurers
  A jumping spider (Vaults:4)
  A shadow dragon simulacrum (Crypt:1)
  5 hellwings
  A merfolk (shapeshifter) (Elf:3)
  4 polar bears
  2 jumping spiders (shapeshifter)
  A tengu simulacrum (Vaults:3)
  7 tyrant leeches
  A tarantella zombie (Crypt:2)
  8 blink frogs
  6 dream sheep (Lair:6)
  13 hornets
  22 raiju
  69 slime creatures
  A snapping turtle (shapeshifter) (Vaults:5)
  2 stone giant simulacra
  A fire dragon zombie (Abyss:2)
  An iron dragon simulacrum (Crypt:2)
  A fire giant simulacrum (Crypt:3)
  4 bog bodies
  8 hippogriffs
  An ice dragon zombie (Crypt:1)
  4 redbacks
  A meliai zombie (D:15)
  14 shadows
  A centaur simulacrum (D:15)
  5 air elementals
  42 flying skulls (Crypt:3)
  9 water elementals
  2 vampires
  36 small abominations
  6 wyverns
  14 ynoxinuls
  2 spriggans
  A fire dragon skeleton (Crypt:1)
  An ettin skeleton (Abyss:1)
  4 hogs (Snake:3)
  81 yaks
  17 wraiths
  6 neqoxecs
  2 humans (D:10)
  13 fire bats
  A golden eye (shapeshifter) (Vaults:2)
  2 golden eyes
  A basilisk (shapeshifter) (Vaults:4)
  5 fire elementals
  17 vampire mosquitoes
  A human (shapeshifter) (D:15)
  10 chaos spawn
  6 hungry ghosts
  6 wargs
  4 acid dragons
  5 spatial vortices
  54 nagas
  12 insubstantial wisps (Swamp:3)
  A soldier ant (D:15)
  9 hell hounds
  A hydra simulacrum (Crypt:2)
  19 water moccasins
  A soldier ant (shapeshifter) (Vaults:3)
  13 swamp worms
  2 floating eyes
  10 porcupines
  10 swamp drakes
  5 ice beasts
  32 orc warriors
  3 sky beasts
  A black bear (D:9)
  An eye of draining (shapeshifter) (Abyss:1)
  4 phantoms
  A human zombie (Vaults:1)
  3 slaves (D:6)
  A swamp dragon zombie (Crypt:1)
  A black bear (shapeshifter) (Vaults:1)
  A hornet zombie (D:12)
  4 eyes of draining (Slime:5)
  16 boggarts
  6 necrophages
  7 wolves
  A blink frog skeleton (Crypt:1)
  29 ogres
  23 centaurs
  14 crocodiles
  A centaur (shapeshifter) (Vaults:5)
  2 hog skeletons (Crypt:1)
  12 big kobolds
  An octopode zombie (Crypt:2)
  19 bullfrogs
  5 earth elementals
  A glowing shapeshifter simulacrum (Vaults:1)
  9 jellies
  2 wyvern skeletons
  3 scorpions
  A manticore simulacrum (Crypt:1)
  A troll zombie (Crypt:2)
  14 wights
  3 killer bees (D:10)
  An electric eel (D:10)
  14 howler monkeys
  4 lava snakes (Snake:2)
  11 crimson imps
  9 hounds
  7 quasits
  6 centaur skeletons
  23 orc wizards
  29 orc priests
  3 bullfrog skeletons
  9 worker ants
  4 iguanas
  A porcupine zombie (Crypt:2)
  A worker ant (shapeshifter) (Vaults:5)
  3 lightning spires (Abyss:4)
  2 demigod zombies (Crypt:1)
  A sky beast zombie (Crypt:1)
  8 ogre zombies (D:11)
  A tengu zombie (Crypt:2)
  A human simulacrum (Crypt:3)
  A hound zombie (D:8)
  A worker ant zombie (D:10)
  2 howler monkey skeletons (D:5)
  11 gnolls
  24 adders
  9 shadow imps
  6 white imps
  2 ufetubi (Abyss:1)
  An ooze (D:5)
  An adder skeleton (D:7)
  6 worms
  2 dart slugs
  7 leopard geckos
  106 orcs
  7 giant cockroaches
  8 goblins
  15 hobgoblins
  13 jackals
  25 kobolds
  8 quokkas
  3 ball pythons
  9 bats
  7 frilled lizards
  2 goblin zombies (D:11)
  A hobgoblin skeleton (D:11)
  2 hobgoblin zombies (D:11)
  A jackal skeleton (D:4)
  3 orc skeletons (D:11)
  17 orc zombies (D:11)
  A quokka zombie (D:8)
  8 rats
  7 crawling corpses
  A fire vortex (Depths:3)
  3 lurking horrors (Abyss:1)
  11 starspawn tentacles
2959 creatures vanquished.

Vanquished Creatures (collateral kills)
  An ancient lich (Abyss:1)
  A Hell Sentinel (Abyss:1)
  A lich (Vaults:1)
  2 acid blobs (Slime:5)
  2 tengu reavers
  A draconian monk (Zot:1)
  Donald (Vaults:1)
  An azure jelly (Slime:5)
  A fire giant (Depths:3)
  A draconian shifter (Zot:1)
  A deep elf elementalist (Elf:3)
  A draconian annihilator (Zot:1)
  A very ugly thing (Depths:1)
  A stone giant (Depths:1)
  A lorocyproca (Abyss:2)
  A spark wasp (Depths:5)
  A hydra (Swamp:4)
  A great orb of eyes (Depths:1)
  2 fire dragons
  2 rakshasas
  A naga warrior (Snake:2)
  A centaur warrior (Depths:4)
  10 two-headed ogres
  A large abomination (Abyss:1)
  2 ogre magi (Depths:1)
  3 naga sharpshooters (Snake:3)
  A thrashing horror (Depths:3)
  A vampire mage (Depths:1)
  A spriggan berserker (Depths:1)
  2 wretched stars (Abyss:4)
  4 hell knights
  3 deep trolls (Depths:5)
  A naga ritualist (Snake:1)
  A phantasmal warrior (D:15)
  A mana viper (Snake:1)
  3 ugly things
  A black mamba (Snake:1)
  A cyclops (D:10)
  A guardian serpent (Snake:2)
  A spiny frog (Swamp:4)
  A tyrant leech (Swamp:4)
  4 slime creatures
  A bog body (Swamp:4)
  3 raiju (Abyss:4)
  A blink frog (Abyss:4)
  5 starcursed masses (Abyss:4)
  2 water elementals (Depths:1)
  2 fire bats (Gauntlet)
  A naga (Snake:2)
  An eye of draining (D:10)
  2 ogres
  An earth elemental (Elf:3)
  A quasit (D:10)
  An orc wizard (Depths:2)
  A worker ant (D:13)
  5 gnolls (Bailey)
  3 hobgoblins (Bailey)
  A kobold (Bailey)
100 creatures vanquished.

Vanquished Creatures (others)
  A deep elf master archer (Elf:3)
  A draconian knight (Zot:4)
  A draconian stormcaller (Zot:2)
  5 stone giants
  A white draconian (Zot:2)
  A deep elf death mage (Elf:3)
  4 yaktaur captains
  2 two-headed ogres
  A dancing weapon (Elf:1)
  2 tengu warriors
  A thrashing horror (Abyss:4)
  4 deep elf knights
  2 unseen horrors (D:15)
  3 deep elf archers (Elf:1)
  4 deep elf magi
  An orc knight (Vaults:1)
  A cyclops (Vaults:1)
  A necromancer (Depths:1)
  An ugly thing (Depths:1)
  A salamander (Snake:3)
  8 yaktaurs
  2 water elementals (Elf:1)
  A centaur simulacrum (D:10)
  2 flying skulls (Crypt:3)
  A tarantella (shapeshifter) (Vaults:4)
  A human (Snake:3)
  A small abomination (Abyss:4)
  A hell hound (Gauntlet)
  An ogre (D:13)
  A centaur (Vaults:3)
  A howler monkey (D:13)
  2 white imps (Abyss:1)
  An orc (Depths:2)
  6 demonic plants (Abyss:1)
  5 fungi
  A lurking horror (Abyss:1)
  14 plants
  45 starspawn tentacles
132 creatures vanquished.

Grand Total: 3191 creatures vanquished

Notes
Turn   | Place    | Note
-------+----------+-------------------------------------------
     0 | D:1      | Mgcat the Mummy Berserker began the quest for the Orb.
     0 | D:1      | Reached XP level 1. HP: 18/18 MP: 1/1
   398 | D:1      | Reached XP level 2. HP: 24/24 MP: 2/2
   911 | D:1      | Reached ** piety under Trog
   945 | D:1      | Reached XP level 3. HP: 29/29 MP: 3/3
  1031 | D:2      | Reached skill level 3 in Maces & Flails
  1037 | D:2      | Found a sacrificial altar of Ru.
  1093 | D:2      | Reached skill level 1 in Slings
  1132 | D:2      | Reached XP level 4. HP: 35/35 MP: 4/4
  1147 | D:2      | Found a white marble altar of Elyvilon.
  2178 | D:3      | Reached XP level 5. HP: 38/42 MP: 5/5
  2452 | D:3      | Found a radiant altar of Vehumet.
  2664 | D:3      | Found a basalt altar of Yredelemnul.
  2665 | D:3      | Found an ornate altar of the Wu Jian Council.
  2785 | D:4      | Reached skill level 2 in Slings
  2813 | D:4      | Reached *** piety under Trog
  2832 | D:4      | Reached skill level 4 in Fighting
  2900 | D:4      | Reached skill level 1 in Evocations
  2957 | D:4      | Reached XP level 6. HP: 42/48 MP: 6/6
  3199 | D:4      | Found a glowing golden altar of the Shining One.
  3387 | D:5      | Entered Level 5 of the Dungeon
  3526 | D:5      | Found a staircase to the Ecumenical Temple.
  3744 | D:5      | Found a burning altar of Makhleb.
  3745 | D:5      | Found a shimmering altar of Xom.
  3763 | D:5      | Reached skill level 4 in Maces & Flails
  3774 | D:5      | Reached skill level 3 in Slings
  3809 | D:5      | Reached XP level 7. HP: 49/55 MP: 8/8
  4080 | D:6      | Noticed Pikel
  4103 | D:6      | Reached skill level 2 in Evocations
  4207 | D:6      | Killed Pikel
  4207 | D:6      | Reached skill level 5 in Fighting
  4207 | D:6      | Reached skill level 4 in Slings
  4207 | D:6      | Reached XP level 8. HP: 62/62 MP: 8/10
  4279 | D:6      | Reached skill level 3 in Evocations
  4286 | D:6      | Reached skill level 5 in Slings
  4584 | D:7      | Reached skill level 5 in Maces & Flails
  4798 | D:7      | Found Emaonk's Distillery.
  4801 | D:7      | Noticed Harold
  4963 | D:7      | Found Nuadal's Food Emporium.
  5197 | D:7      | HP: 14/62 [Harold/harpoon shot (6)]
  5205 | D:6      | HP: 8/62 [Harold/+2 long sword of holy wrath (11)]
  5215 | D:6      | Killed Harold
  5215 | D:6      | Reached skill level 6 in Slings
  5215 | D:6      | Reached skill level 4 in Evocations
  5215 | D:6      | Reached XP level 9. HP: 13/68 MP: 10/12
  5415 | D:7      | Reached **** piety under Trog
  5722 | D:8      | Got a smoking flail
  5723 | D:8      | Identified the cursed +0 flail of Yeast {venom, Stlth+}
                  | (You found it on level 8 of the Dungeon)
  5750 | D:8      | Reached skill level 6 in Maces & Flails
  5750 | D:8      | Reached skill level 7 in Slings
  5796 | D:8      | Noticed Joseph
  5981 | D:8      | Noticed a two-headed ogre
  6017 | D:8      | Found a hazy altar of Hepliaklqana.
  6085 | D:8      | Reached skill level 5 in Evocations
  6136 | D:8      | Killed Joseph
  6233 | D:8      | Killed a two-headed ogre
  6233 | D:8      | Reached skill level 8 in Slings
  6233 | D:8      | Reached XP level 10. HP: 74/74 MP: 13/13
  6406 | D:8      | Reached skill level 7 in Maces & Flails
  6579 | D:8      | Reached skill level 9 in Slings
  6774 | D:8      | Reached ***** piety under Trog
  6774 | D:8      | Received a gift from Trog
  6821 | D:9      | Found a blossoming altar of Fedhas.
  6867 | D:9      | Found a stormy altar of Qazlal.
  6950 | D:9      | Found a bloodstained altar of Trog.
  7473 | D:9      | Received a gift from Trog
  7643 | D:10     | Entered Level 10 of the Dungeon
  7701 | D:10     | Found an iron altar of Okawaru.
  7739 | D:10     | Reached skill level 10 in Slings
  7807 | D:10     | Found a staircase to the Lair.
  7837 | D:10     | Reached XP level 11. HP: 60/80 MP: 14/14
  7978 | D:10     | Noticed a rakshasa
  7999 | D:10     | Killed a rakshasa
  8110 | D:10     | Noticed a two-headed ogre
  8132 | D:10     | Noticed a two-headed ogre
  8132 | D:10     | Noticed a two-headed ogre
  8326 | D:10     | Killed a two-headed ogre
  8326 | D:10     | Reached skill level 11 in Slings
  8348 | D:10     | Killed a two-headed ogre
  8393 | D:10     | Killed a two-headed ogre
  8706 | D:10     | Reached skill level 12 in Slings
  9157 | D:10     | Reached skill level 2 in Armour
  9157 | D:10     | Reached skill level 2 in Dodging
  9219 | D:10     | Received a gift from Trog
  9352 | D:11     | Inarius: MuBe ? seriously :D
  9360 | D:11     | Inarius: you have some guts :D
  9361 | D:11     | Mgcat: This one with sling is good
  9361 | D:11     | Mgcat: but already wxaste xp
  9365 | D:11     | Inarius: sure
  9370 | D:11     | Inarius: always
  9376 | D:10     | Inarius: maybe with 4 manual of slings :D
  9376 | D:10     | Inarius: who knows
  9376 | D:10     | Mgcat: put 5 lv m&f
  9424 | D:11     | Mgcat: 20 with -2 is doable if i focus only in fighting and
                  | sling
  9472 | D:11     | Mgcat: You thing for a ranged user I must keep medium armor
                  | or put heaviest ?
  9508 | D:11     | Reached skill level 6 in Fighting
  9510 | D:11     | Inarius: i don't play ranged in general
  9512 | D:11     | Inarius: i can't say
  9520 | D:11     | Noticed Maurice
  9532 | D:11     | Inarius: i tend to think medium
  9539 | D:10     | Inarius: but...well
  9750 | D:11     | Killed Maurice
  9750 | D:11     | Reached skill level 3 in Armour
  9750 | D:11     | Reached skill level 3 in Dodging
  9754 | D:11     | Mgcat: Heavier armor miss more often so
  9857 | D:11     | Found a staircase to the Orcish Mines.
  9910 | D:11     | Received a gift from Trog
  9932 | D:11     | Noticed a brown ugly thing
  9940 | D:11     | Noticed a brown ugly thing
  9978 | D:10     | Killed a brown ugly thing
 10230 | D:11     | Killed a brown ugly thing
 10654 | D:10     | Received a gift from Trog
 10654 | D:10     | Reached XP level 12. HP: 89/89 MP: 15/15
 10692 | Lair:1   | Entered Level 1 of the Lair of Beasts
 10694 | Lair:1   | You fall through a shaft!
 10890 | Lair:1   | Reached skill level 1 in Shields
 10954 | Lair:1   | Reached skill level 4 in Armour
 11003 | Lair:1   | Reached skill level 4 in Dodging
 11118 | Lair:1   | Reached skill level 7 in Fighting
 11558 | Lair:2   | Received a gift from Trog
 11590 | Lair:2   | Reached skill level 2 in Shields
 11653 | Lair:2   | Found a staircase to the Snake Pit.
 12278 | Lair:2   | Noticed a death yak
 12278 | Lair:2   | Noticed a death yak
 12278 | Lair:2   | Noticed a death yak
 12278 | Lair:2   | Noticed a death yak
 12279 | Lair:2   | Noticed a death yak
 12284 | Lair:2   | Killed a death yak
 12284 | Lair:2   | Reached skill level 5 in Armour
 12284 | Lair:2   | Reached skill level 3 in Shields
 12285 | Lair:2   | Killed a death yak
 12285 | Lair:2   | Reached skill level 5 in Dodging
 12286 | Lair:2   | Killed a death yak
 12288 | Lair:2   | Killed a death yak
 12288 | Lair:2   | Reached skill level 8 in Fighting
 12297 | Lair:2   | Killed a death yak
 12631 | Lair:3   | Mgcat: Lol, i'm less feared to fight 5 dead yack with this
                  | mummy than other strong melee build
 12762 | Lair:3   | Noticed Snorg
 12786 | Lair:3   | Killed Snorg
 12786 | Lair:3   | Reached skill level 4 in Shields
 12845 | Lair:3   | Reached skill level 6 in Evocations
 12926 | Lair:3   | Gained mutation: You are in touch with the powers of death.
                  | [Mummy growth]
 12926 | Lair:3   | Reached XP level 13. HP: 99/99 MP: 17/17
 12932 | Lair:3   | Inarius: yes
 12959 | Lair:3   | Inarius: my Ds is still alive
 12980 | Lair:3   | Inarius: and still crappy :)
 13033 | Lair:3   | Inarius: done swamp 3
 13142 | Lair:3   | Found a runed translucent door.
 13144 | Lair:3   | Noticed confidenceinterval's ghost (journeyman MiFi)
 13148 | Lair:3   | Inarius: no rPois still
 13228 | Lair:3   | Mgcat: :/
 13337 | Lair:3   | Mgcat: spider without rpois AND Mr is nort good
 13337 | Lair:3   | Noticed Sonja
 13338 | Lair:3   | Inarius: I'll try Swamp3
 13338 | Lair:3   | Inarius: paralss
 13338 | Lair:3   | Inarius: works very well :)
 13338 | Lair:3   | Noticed Sonja
 13338 | Lair:3   | Sonja changed into Sonja the meliai
 13344 | Lair:3   | Killed Sonja the meliai
 13365 | Lair:3   | Received a gift from Trog
 13427 | Lair:3   | Inarius: you could have paralysed her, too, it's the same
                  | with less risks
 13498 | Lair:3   | Inarius: swamp 4 sorr
 13498 | Lair:3   | Mgcat: agree
 13498 | Lair:3   | Inarius: y
 13499 | Lair:3   | You fall through a shaft for 3 floors!
 13499 | Lair:6   | Entered Level 6 of the Lair of Beasts
 13500 | Lair:6   | Mgcat: I tend to reserve para for hydra
 13505 | Lair:6   | Mgcat: L6...
 13506 | Lair:6   | Inarius: yeah
 13506 | Lair:6   | Inarius: good luck :)
 13506 | Lair:6   | Inarius: i just hope NOT to encouter
 13506 | Lair:6   | Inarius: lern hydra
 13506 | Lair:6   | Mgcat: good luck, i'm going
 13579 | Lair:5   | Reached skill level 9 in Fighting
 13660 | Lair:5   | Reached skill level 5 in Shields
 13729 | Lair:5   | Received a gift from Trog
 13778 | Lair:5   | Reached skill level 7 in Evocations
 13813 | Lair:5   | HP: 17/102 [death yak (20)]
 13919 | Lair:5   | Found a gate leading to a gauntlet.
 13930 | Gauntlet | Entered a Gauntlet
 13930 | Gauntlet | Found a runed translucent door.
 13930 | Gauntlet | Found a transporter.
 13930 | Gauntlet | Found a runed translucent door.
 13930 | Gauntlet | Found a transporter.
 13952 | Gauntlet | Found a transporter.
 13960 | Gauntlet | Found a transporter.
 13964 | Gauntlet | Found a transporter.
 13973 | Gauntlet | Found a transporter.
 13988 | Gauntlet | Found a transporter.
 14002 | Gauntlet | Found a transporter.
 14006 | Gauntlet | Found a transporter.
 14014 | Gauntlet | Found a transporter.
 14018 | Gauntlet | Found a transporter.
 14042 | Gauntlet | Found a transporter.
 14340 | Gauntlet | Reached skill level 10 in Fighting
 14405 | Gauntlet | Identified the ring "Atemidoa" {rF+ MR+ Stlth+}
 14405 | Gauntlet | Noticed a minotaur
 14413 | Gauntlet | Killed a minotaur
 14433 | Gauntlet | Got a wavering lead ring
 14483 | Gauntlet | Identified the ring "Houcug" {+Inv Str+2} (You found it in
                  | a Gauntlet)
 14502 | Gauntlet | Received a gift from Trog
 14502 | Gauntlet | Reached skill level 8 in Evocations
 14798 | Lair:5   | Found a runed translucent door.
 15524 | Lair:4   | Identified a scroll of acquirement
 15527 | Lair:4   | Got a shimmering hunting sling
 15528 | Lair:4   | Identified the +8 hunting sling "Nasto" {venom, rPois Str-2
                  | Int+7} (You acquired it on level 4 of the Lair of Beasts)
 15833 | Lair:4   | Found a staircase to the Swamp.
 15927 | Lair:4   | Received a gift from Trog
 16505 | Lair:6   | Reached ****** piety under Trog
 16509 | Lair:6   | Received a gift from Trog
 16574 | Lair:6   | Reached XP level 14. HP: 87/111 MP: 20/20
 16680 | Lair:6   | Received a gift from Trog
 17380 | Lair:6   | Found a viscous altar of Jiyva.
 17381 | Lair:6   | Found a staircase to the Slime Pits.
 17581 | Lair:6   | Reached skill level 6 in Shields
 17607 | Lair:6   | Reached skill level 6 in Armour
 17607 | Lair:6   | Reached skill level 6 in Dodging
 18319 | Orc:1    | Entered Level 1 of the Orcish Mines
 18605 | Orc:2    | Entered Level 2 of the Orcish Mines
 18708 | Orc:2    | Received a gift from Trog
 18740 | Orc:2    | Noticed Urug
 18781 | Orc:2    | Killed Urug
 18883 | Orc:2    | Found a staircase to the Elven Halls.
 19252 | Orc:1    | Found a burning altar of Makhleb.
 19685 | Orc:2    | Reached skill level 11 in Fighting
 20016 | Orc:2    | Received a gift from Trog
 20239 | Orc:2    | Found Qiestoul's Armour Shop.
 20239 | Orc:2    | Found Ohirroape's Weapon Shoppe.
 20241 | Orc:2    | Found Hice's Weapon Shop.
 20241 | Orc:2    | Found Ziunociade's Jewellery Shoppe.
 20252 | Orc:2    | Inarius: my cat is very interesting in your ring's choice
 20252 | Orc:2    | Mgcat: lol
 20254 | Orc:2    | Bought an uncursed ring of see invisible for 225 gold
                  | pieces
 20254 | Orc:2    | Mgcat: what glow apply to mummy ?
 20254 | Orc:2    | Mgcat: yellow contam or red contam
 20255 | Orc:2    | Inarius: it will
 20255 | Orc:2    | Inarius: you will loose 1 stat
 20713 | D:12     | Noticed Erolcha
 20727 | D:12     | Killed Erolcha
 20796 | D:12     | Reached skill level 9 in Evocations
 21487 | D:13     | Reached skill level 7 in Dodging
 21588 | D:13     | Found a flagged portal.
 21599 | D:13     | Reached XP level 15. HP: 119/119 MP: 21/21
 21605 | Bailey   | Entered a bailey
 21700 | Bailey   | Received a gift from Trog
 21752 | Bailey   | Reached skill level 7 in Armour
 21752 | Bailey   | Reached skill level 7 in Shields
 22448 | D:13     | Noticed a fire giant
 22465 | D:13     | Killed a fire giant
 23295 | D:14     | Found a gate to the Vaults.
 23341 | D:14     | Received a gift from Trog
 23365 | D:14     | Reached skill level 13 in Slings
 23916 | D:15     | Entered Level 15 of the Dungeon
 24617 | D:15     | Found a staircase to the Depths.
 24899 | D:15     | Found a bloodstained altar of Trog.
 24900 | D:15     | Found a hide-covered altar of Uskayaw.
 24900 | D:15     | Found a shimmering altar of Xom.
 25032 | D:15     | Reached skill level 12 in Fighting
 25071 | D:15     | Received a gift from Trog
 25311 | D:15     | Reached skill level 8 in Dodging
 25386 | D:15     | Reached skill level 8 in Armour
 25416 | D:15     | Reached skill level 8 in Shields
 25512 | D:15     | Received a gift from Trog
 25556 | D:15     | Got a slimy granite ring
 25568 | D:15     | Identified the ring of Zikudd Voxa {*Tele rN+} (You found
                  | it on level 15 of the Dungeon)
 25640 | D:15     | Reached skill level 10 in Evocations
 25649 | D:15     | Reached XP level 16. HP: 56/127 MP: 11/23
 25921 | D:15     | Noticed a storm dragon
 25941 | D:15     | Killed a storm dragon
 25941 | D:15     | Received a gift from Trog
 25963 | D:15     | Noticed a tengu reaver
 25979 | D:15     | Killed a tengu reaver
 25987 | D:15     | HP: 19/129 [yaktaur captain/bolt (16)]
 26613 | D:15     | Got a spiked chain mail
 26689 | D:15     | Noticed a sphinx
 26708 | D:15     | Killed a sphinx
 26745 | D:15     | Identified the +1 chain mail of Nuofio {Dex+6} (You found
                  | it on level 15 of the Dungeon)
 26829 | D:15     | Got a fine copper ring
 26829 | D:15     | Got a pair of jewelled boots
 26832 | D:15     | Identified the +2 pair of boots of the Ward {rF- MR++
                  | Regen+ Int+4} (You acquired it on level 15 of the Dungeon)
 26833 | D:15     | Identified the ring "Jiur" {rPois rF+ rN+ MR+ Str-2} (You
                  | acquired it on level 15 of the Dungeon)
 27071 | Swamp:1  | Entered Level 1 of the Swamp
 27548 | Swamp:1  | You fall through a shaft!
 28068 | Swamp:1  | Noticed a tentacled monstrosity
 28095 | Swamp:1  | Killed a tentacled monstrosity
 28974 | Swamp:3  | Reached skill level 13 in Fighting
 29438 | Swamp:3  | Received a gift from Trog
 29973 | Snake:1  | Entered Level 1 of the Snake Pit
 30216 | Snake:1  | Reached skill level 14 in Slings
 30216 | Snake:1  | Reached skill level 11 in Evocations
 30224 | Snake:1  | Received a gift from Trog
 31654 | Snake:2  | Reached XP level 17. HP: 119/138 MP: 23/25
 31962 | Snake:3  | Noticed Vashnia
 31993 | Snake:3  | Killed Vashnia
 31993 | Snake:3  | Reached skill level 14 in Fighting
 32198 | Snake:3  | Found Penaeresch's Distillery.
 32309 | Snake:2  | Received a gift from Trog
 32816 | Snake:3  | Identified Roxanne's Handbook of Transmigration
 32816 | Snake:3  | Noticed Roxanne
 33188 | Snake:3  | Noticed Kirke
 33209 | Snake:3  | Killed Kirke
 33331 | Snake:3  | Reached skill level 12 in Evocations
 33736 | Snake:3  | Killed Roxanne
 33968 | Swamp:4  | Entered Level 4 of the Swamp
 34331 | Swamp:4  | Received a gift from Trog
 34552 | Swamp:4  | Reached skill level 15 in Slings
 34637 | Swamp:4  | Reached skill level 15 in Fighting
 34682 | Swamp:4  | Noticed Mara
 35329 | Swamp:4  | Got a steaming scale mail
 35330 | Swamp:4  | Identified the +6 scale mail "Husonkacs" {rN+ Str+4} (You
                  | found it on level 4 of the Swamp)
 35584 | Swamp:4  | Noticed Mgcat's illusion
 35606 | Swamp:4  | HP: 28/142 [Mara/+0 demon whip of electrocution (12)]
 35613 | Swamp:4  | HP: 29/142 [swamp dragon (2)]
 35615 | Swamp:4  | Noticed Aizul
 36108 | Snake:4  | Entered Level 4 of the Snake Pit
 36702 | Snake:4  | Reached XP level 18. HP: 125/149 MP: 18/27
 36980 | Snake:4  | Reached skill level 16 in Slings
 37092 | Snake:4  | Received a gift from Trog
 37952 | Snake:4  | Received a gift from Trog
 38017 | Snake:4  | Got a serpentine rune of Zot
 38168 | Snake:4  | Reached skill level 17 in Slings
 38555 | Snake:4  | Received a gift from Trog
 38691 | Snake:4  | Found a sparkling altar of Nemelex Xobeh.
 38773 | Snake:4  | Found Jonyw's Gadget Shop.
 38773 | Snake:4  | Found Dagriele's Jewellery Emporium.
 38774 | Snake:4  | Found Rounemp's Jewellery Emporium.
 38786 | Snake:4  | Bought a +6 amulet of reflection for 1053 gold pieces
 39244 | Vaults:1 | Entered Level 1 of the Vaults
 39417 | Vaults:1 | Received a gift from Trog
 39694 | Vaults:1 | Noticed Donald
 39706 | Vaults:1 | Killed Donald
 40016 | Vaults:1 | Received a gift from Trog
 40016 | Vaults:1 | Reached skill level 18 in Slings
 40041 | Vaults:1 | HP: 37/149 [vault warden/+3 vampiric war axe (20)]
 40042 | Vaults:1 | HP: 10/149 [ironbrand convoker/+0 great mace[a vault
                  | warden] (16)]
 40548 | Vaults:1 | Reached XP level 19. HP: 129/155 MP: 28/28
 40574 | Vaults:1 | Got a smoking bone ring
 40579 | Vaults:1 | Found Petees's Gadget Emporium.
 40588 | Vaults:1 | Identified the ring "Hioh" {Fire rPois} (You found it on
                  | level 1 of the Vaults)
 40638 | Vaults:1 | Received a gift from Trog
 41023 | Vaults:1 | Found a portal to a secret trove of treasure.
 41116 | Vaults:1 | Received a gift from Trog
 41591 | Trove    | Entered a treasure trove
 41770 | Vaults:2 | Found a staircase to the Crypt.
 42378 | Vaults:2 | Noticed a Tzitzimitl
 42519 | Vaults:2 | Got a flickering ruby amulet
 42520 | Vaults:2 | Identified the amulet "Ewyil" {Inacc Fragile rF++ Str+3}
                  | (You found it on level 2 of the Vaults)
 42852 | Vaults:2 | Reached skill level 13 in Evocations
 43887 | Vaults:3 | Reached skill level 19 in Slings
 43955 | Vaults:3 | Reached * piety under Trog
 44380 | Vaults:3 | Reached skill level 14 in Evocations
 45523 | Vaults:3 | Reached XP level 20. HP: 156/162 MP: 31/31
 45618 | Vaults:4 | Reached skill level 15 in Evocations
 47763 | Vaults:4 | Reached skill level 16 in Evocations
 47981 | Vaults:1 | Bought a phantom mirror for 450 gold pieces
 47981 | Vaults:1 | Bought a wand of iceblast (7) for 165 gold pieces
 47981 | Vaults:1 | Bought a wand of iceblast (8) for 180 gold pieces
 48304 | Swamp:3  | Killed Aizul
 48442 | Swamp:4  | Noticed Mgcat's illusion
 48453 | Swamp:4  | Killed Mara
 48540 | Swamp:4  | Received a gift from Trog
 48579 | Swamp:4  | Got a decaying rune of Zot
 49143 | Elf:1    | Entered Level 1 of the Elven Halls
 49151 | Elf:1    | Found an ancient bone altar of Kikubaaqudgha.
 49169 | Elf:1    | Reached skill level 20 in Slings
 49170 | Elf:1    | Identified the amulet of Harirrep {Faith rN+}
 49321 | Elf:1    | Received a gift from Trog
 49375 | Elf:1    | Identified the +2 robe of the Alphagorgon {-Tele MR+++}
 49574 | Elf:1    | Received a gift from Trog
 49582 | Elf:1    | Identified the +1 robe of Debuor {rN+}
 50649 | Elf:1    | Reached skill level 17 in Evocations
 51006 | Orc:2    | Bought an uncursed ring of flight for 262 gold pieces
 51544 | Elf:2    | Found a runed translucent gate.
 51544 | Elf:2    | Found a runed translucent gate.
 51546 | Elf:2    | Found a runed translucent gate.
 51624 | Elf:2    | Noticed Agnes
 51639 | Elf:2    | Killed Agnes
 51671 | Elf:2    | Received a gift from Trog
 51671 | Elf:2    | Reached XP level 21. HP: 128/168 MP: 33/33
 51809 | Elf:2    | Found Kisimpuh's Gadget Shoppe.
 51841 | Elf:2    | Got a crude ring mail
 51843 | Elf:2    | Identified the +5 ring mail of Fuschaet {rC+ Dex+4} (You
                  | found it on level 2 of the Elven Halls)
 51855 | Elf:2    | Received a gift from Trog
 52140 | Elf:2    | Received a gift from Trog
 52160 | Elf:2    | Found a deep blue altar of Sif Muna.
 52458 | Elf:3    | Entered Level 3 of the Elven Halls
 52815 | Elf:3    | Found Tarer's Antique Weapon Shoppe.
 52823 | Elf:3    | Bought a steaming fustibalus for 960 gold pieces
 52823 | Elf:3    | Identified the cursed +2 fustibalus "Lifebane" {flame,
                  | Str+4 Int-3 Dex+2 SInv} (You bought it in a shop on level 3
                  | of the Elven Halls)
 53067 | Elf:3    | Received a gift from Trog
 53644 | Elf:3    | Received a gift from Trog
 54003 | Elf:3    | Identified the +5 ring mail "Feiptergh" {Str+2}
 54147 | Elf:3    | Identified the +5 bardiche of Immorality {flame, rC+ Dex+4}
 54308 | Elf:3    | Received a gift from Trog
 54466 | Elf:3    | Identified the Compendium of the Flamy Compass
 54848 | Depths:1 | Entered Level 1 of the Depths
 54860 | Depths:1 | Reached skill level 9 in Shields
 54866 | Depths:1 | Received a gift from Trog
 54866 | Depths:1 | Reached skill level 9 in Armour
 54870 | Depths:1 | Reached skill level 9 in Dodging
 55050 | Depths:1 | Received a gift from Trog
 55286 | Depths:1 | Reached skill level 8 in Maces & Flails
 55507 | Depths:1 | Found a runed translucent door.
 55532 | Depths:1 | Found a one-way gate to the infinite horrors of the Abyss.
 55778 | Depths:1 | Reached XP level 22. HP: 174/177 MP: 34/34
 55791 | Depths:1 | Found a gateway to Hell.
 56115 | Depths:2 | Noticed Sojobo
 56145 | Depths:2 | Received a gift from Trog
 56513 | Depths:2 | Killed Sojobo
 56908 | Depths:2 | Found Wauhuzoics's Magic Scroll Boutique.
 56918 | Depths:2 | Found Fydoen's Antique Armour Shoppe.
 56974 | Depths:2 | Noticed Saint Roka
 57002 | Depths:2 | Killed Saint Roka
 57257 | Depths:2 | Bought a pair of embroidered boots for 255 gold pieces
 57267 | Depths:2 | Identified a +1 pair of boots of running (You bought it in
                  | a shop on level 2 of the Depths)
 57276 | Depths:2 | Bought a scroll of summoning for 152 gold pieces
 57276 | Depths:2 | Bought 2 scrolls of magic mapping for 112 gold pieces
 57668 | Depths:2 | Found a one-way gate leading to the halls of Pandemonium.
 57725 | Depths:2 | Found Puim's Book Boutique.
 57822 | Depths:2 | Noticed Nikola
 57835 | Depths:2 | Killed Nikola
 57835 | Depths:2 | Received a gift from Trog
 57836 | Depths:2 | Noticed a juggernaut
 57843 | Depths:2 | Killed a juggernaut
 57843 | Depths:2 | Reached skill level 16 in Fighting
 57963 | Depths:2 | Got an ancient ring mail
 58003 | Depths:2 | Identified the cursed +0 ring mail of Decompression
                  | {*Contam Str-2 Dex+8 SInv} (You found it on level 2 of the
                  | Depths)
 58113 | Depths:2 | Upgraded the game from 0.24-a0-205-g1d96822 to
                  | 0.24-a0-217-g1152973
 58148 | Depths:3 | Noticed Bai Suzhen
 58157 | Depths:3 | Killed Bai Suzhen
 58496 | Depths:3 | Received a gift from Trog
 58965 | Depths:3 | Received a gift from Trog
 59255 | Depths:3 | Reached skill level 10 in Armour
 59463 | Depths:3 | Found a corrupted altar of Lugonu.
 59479 | Depths:3 | Reached skill level 9 in Maces & Flails
 59493 | Depths:3 | Found a transporter.
 59494 | Depths:3 | Noticed Frederick
 59520 | Depths:3 | Killed Frederick
 59520 | Depths:3 | Reached skill level 10 in Shields
 59645 | Depths:3 | Reached skill level 10 in Dodging
 59731 | Depths:3 | Found a transporter.
 59734 | Depths:3 | Noticed Mennas
 59775 | Depths:3 | HP: 34/178 [Mennas/+2 trishula of holy wrath (11)]
 59778 | Depths:3 | Killed Mennas
 60275 | Depths:3 | Received a gift from Trog
 60281 | Depths:3 | Reached skill level 18 in Evocations
 60751 | Depths:3 | Reached XP level 23. HP: 147/185 MP: 36/36
 61174 | Depths:3 | Received a gift from Trog
 61375 | Depths:3 | Got an ancient emerald amulet
 61413 | Depths:3 | Identified the amulet of Dithmenos's Favour {Faith *Contam
                  | rElec rPois Str+3} (You found it on level 3 of the Depths)
 61472 | Depths:4 | Received a gift from Trog
 62351 | Depths:4 | Noticed Margery
 62369 | Depths:4 | Killed Margery
 62369 | Depths:4 | Received a gift from Trog
 63095 | Depths:5 | Entered Level 5 of the Depths
 63095 | Depths:5 | Noticed a juggernaut
 63221 | Depths:5 | HP: 43/186 [deep troll (7)]
 63759 | Depths:5 | Received a gift from Trog
 63772 | Depths:5 | Reached skill level 10 in Maces & Flails
 64032 | Depths:5 | Found a gate to the Realm of Zot.
 64699 | Depths:5 | Killed a juggernaut
 64699 | Depths:5 | Reached skill level 11 in Shields
 64700 | Depths:5 | Reached skill level 11 in Armour
 65023 | Depths:5 | Found Buecitya's Magic Scroll Emporium.
 65076 | Depths:5 | Reached skill level 11 in Dodging
 65239 | Depths:5 | Found Rinomelo's Magic Scroll Shoppe.
 65240 | Depths:5 | Found Efaa's Book Emporium.
 65299 | Depths:5 | Bought a scroll of acquirement for 884 gold pieces
 65301 | Depths:5 | Bought a scroll of summoning for 218 gold pieces
 65356 | Depths:5 | Reached skill level 17 in Fighting
 65442 | Depths:5 | Found a gateway to a ziggurat.
 65650 | Depths:5 | HP: 46/187 [spark wasp (5)]
 66765 | Depths:4 | Received a gift from Trog
 66905 | Depths:5 | Bought a scroll of acquirement for 884 gold pieces
 66911 | Depths:5 | Bought a scroll of enchant weapon for 127 gold pieces
 67250 | Lair:3   | Killed confidenceinterval's ghost
 67609 | Elf:2    | Reached skill level 21 in Slings
 67655 | Elf:2    | Reached XP level 24. HP: 195/195 MP: 36/36
 67673 | Elf:2    | Received a gift from Trog
 68489 | Depths:1 | Received a gift from Trog
 68515 | Depths:1 | HP: 42/195 [storm dragon (illusionary)/bolt of lightning
                  | (11)]
 69388 | Crypt:1  | Entered Level 1 of the Crypt
 70049 | Crypt:1  | Received a gift from Trog
 71302 | Crypt:2  | Received a gift from Trog
 71491 | Crypt:2  | Received a gift from Trog
 71491 | Crypt:2  | Reached skill level 11 in Maces & Flails
 72301 | Crypt:3  | Entered Level 3 of the Crypt
 72329 | Crypt:3  | Inarius: still alive i see
 72549 | Crypt:3  | Received a gift from Trog
 72689 | Crypt:3  | Mgcat: hello
 72689 | Crypt:3  | Mgcat: yep, but I stuggle to find a way to survive zot 5
 72689 | Crypt:3  | Inarius: it's not yet
 72689 | Crypt:3  | Mgcat: +inv is a life saver but useless in zot5
 72689 | Crypt:3  | Inarius: you will have
 72689 | Crypt:3  | Inarius: to farm abyss
 72689 | Crypt:3  | Inarius: for more XP
 72689 | Crypt:3  | Inarius: maybe
 72689 | Crypt:3  | Mgcat: +9 cold fus is weak without god power for oof and
                  | elec golem
 72689 | Crypt:3  | Inarius: and/or switch to gozag
 72689 | Crypt:3  | Mgcat: If I wait in a kill hole I can wait trog wrath N
 72689 | Crypt:3  | Mgcat: ?*
 72689 | Crypt:3  | Inarius: to have more "stuff"
 72689 | Crypt:3  | Inarius: and have potion equivalent
 72689 | Crypt:3  | Mgcat: Never got far with gozag
 72781 | Crypt:3  | Inarius: it's the standard god with Mu
 72786 | Crypt:3  | Found an ancient bone altar of Kikubaaqudgha.
 72879 | Crypt:3  | Mgcat: so far in 1v1 I feel strong
 72879 | Crypt:3  | Mgcat: use only bia so can quit trog
 72879 | Crypt:3  | Mgcat: but trog wrath is long and deadly
 72879 | Crypt:3  | Inarius: you are strong
 72879 | Crypt:3  | Mgcat: Maybe if I stand in kill hole and tp when his tele
                  | monster ?
 73108 | Crypt:3  | Inarius: well anyway
 73115 | Crypt:3  | Inarius: there sis some time before Zot
 73296 | Crypt:3  | Inarius: maybe you will find very good stuff
 73367 | Crypt:3  | Mgcat: My problem come from previous character
 73367 | Crypt:3  | Mgcat: with 27 in axe with good stuff
 73367 | Crypt:3  | Mgcat: zot5 monster come in pack and are very strong
 73416 | Crypt:3  | Mgcat: But eah, swithing and going in magic will deef help
 73455 | Crypt:3  | Received a gift from Trog
 73463 | Crypt:3  | Reached skill level 12 in Shields
 73468 | Crypt:3  | Reached skill level 12 in Armour
 73661 | Crypt:3  | Reached skill level 12 in Dodging
 73735 | Crypt:3  | Inarius: well
 73741 | Crypt:3  | Inarius: you can still farm
 73761 | Crypt:3  | Inarius: for a lonnnggg time
 73770 | Crypt:3  | Inarius: abyss
 73770 | Crypt:3  | Inarius: for XP
 73840 | Crypt:3  | Reached XP level 25. HP: 177/203 MP: 36/36
 74430 | Crypt:3  | Mgcat: I see that you've lost two character ?
 74470 | Crypt:3  | Found a staircase to the Tomb.
 74519 | Crypt:3  | Mgcat: never find something usefull ?
 74574 | Crypt:3  | Got a steaming lead amulet
 74629 | Crypt:3  | Found the +11 plutonium sword {*Contam Stlth-}
 74650 | Crypt:3  | Identified the amulet of Cuntulus {+Rage rC++} (You found
                  | it on level 3 of the Crypt)
 74706 | D:5      | Inarius: YES
 74706 | D:5      | Inarius: i did
 74706 | Crypt:3  | Inarius: i played badly
 74707 | Crypt:3  | Inarius: twice
 74776 | Crypt:2  | Inarius: once particularly
 75060 | D:5      | Inarius: it was suddenly very easy
 75090 | D:5      | Inarius: just
 75090 | D:5      | Inarius: tab tab tab o o o
 75090 | D:5      | Inarius: and suddenly tab tab tab and oooppppss too late
 75091 | Temple   | Entered the Ecumenical Temple
 75344 | Temple   | Mgcat: lol, cannot join gozag
 75344 | Temple   | Inarius: oh, you gozaged ? (don't know if that verb exists
                  | :D )
 75359 | Temple   | Inarius: didn't know the cost was rising
 75368 | Temple   | Mgcat: I though it was 3/4 current gold
 75688 | Depths:1 | Mgcat: Or I got Lugonu and abyss oof
 75688 | Depths:1 | Inarius: good luck
 75688 | Depths:1 | Inarius: careful with stat draining
 75688 | Depths:1 | Mgcat: need something special ?
 75872 | Elf:1    | Inarius: you ? I don't know
 75912 | Elf:3    | Inarius: more gold i suppose :D
 75957 | Elf:3    | Inarius: have you done Vault:5 ?
 75958 | Elf:3    | Mgcat: not now, I feel squishy vs multiple monster
 75969 | Elf:3    | Identified the Guide on Fetching Earth
 75971 | Elf:3    | Inarius: just
 75971 | Elf:3    | Inarius: teleport
 76046 | Elf:3    | Inarius: go down and teleport right away
 76047 | Elf:3    | Inarius: it works
 76124 | Orc:2    | Inarius: even better, read scroll before going below
 76215 | D:12     | Mgcat: yes
 76401 | Depths:1 | Mgcat: for this one, i didn't have aoe
 76402 | Depths:1 | Voluntarily entered the Abyss.
 76406 | Abyss:1  | Found a corrupted altar of Lugonu.
 76715 | Abyss:1  | Inarius: Do you want an interesting advice ?
 76724 | Abyss:1  | Received a gift from Trog
 76727 | Abyss:1  | Inarius: about farming abyss
 76736 | Abyss:1  | Mgcat: ?
 76756 | Abyss:1  | Inarius: if you find an exit portal
 76762 | Abyss:1  | Inarius: take it
 76783 | Abyss:2  | Inarius: and enter back in abyss
 76798 | Abyss:2  | Inarius: IN GENERAL i have seen that there are a bit more
 76798 | Abyss:2  | Inarius: scrolls
 76798 | Abyss:2  | Inarius: or items in general
 76798 | Abyss:2  | Inarius: around entrance
 76808 | Abyss:2  | Found a snail-covered altar of Cheibriados.
 76829 | Abyss:3  | Mgcat: possible
 76842 | Abyss:3  | Inarius: so if you want to farm abyss for XP think about it
                  | :)
 77024 | Abyss:3  | Received a gift from Trog
 77082 | Abyss:3  | Reached skill level 18 in Fighting
 77088 | Abyss:3  | Mgcat: I didn't mutate so yeah
 77176 | Abyss:3  | Received a gift from Trog
 77192 | Abyss:3  | Inarius: on the long run i don't know how you can do
                  | without farming abyss with Mu
 77201 | Abyss:4  | Found a corrupted altar of Lugonu.
 77238 | Abyss:4  | Inarius: skill is very slow...very...very....
 77288 | Abyss:4  | Found a corrupted altar of Lugonu.
 77348 | Abyss:4  | Mgcat: for normal char is hell farm not less dangerous ?
 77348 | Abyss:4  | Mgcat: or hell spawn give no xp ?
 77350 | Abyss:4  | Inarius: i don't know
 77355 | Abyss:4  | Inarius: i don't like Hell in general
 77355 | Abyss:4  | Mgcat: becauce cocy didn't have malmutor
 77355 | Abyss:4  | Mgcat: if you farm on exit no problem
 77360 | Abyss:4  | Inarius: yes
 77370 | Abyss:4  | Inarius: but
 77390 | Abyss:4  | Inarius: no interesting items, then
 77391 | Abyss:4  | Received a gift from Trog
 77410 | Abyss:4  | Inarius: i have found several scroll of acquirement here
 77410 | Abyss:4  | Mgcat: Yes for xp only
 77416 | Abyss:4  | Inarius: and scroll of aqcuirement = gold for gozag :D
 77436 | Abyss:4  | Inarius: of course abyss 4 is too much i used to farm abyss
                  | 1 or 2
 77436 | Abyss:4  | Mgcat: found rune vault but lot of monster
 77464 | Abyss:4  | Inarius: wand of something ?
 77502 | Abyss:4  | Inarius: you seem fine
 77505 | Abyss:4  | Inarius: actually
 77524 | Abyss:4  | Mgcat: yes this one is easy
 77533 | Abyss:4  | Got an abyssal rune of Zot
 77550 | Abyss:4  | Mgcat: lol
 77550 | Abyss:4  | Inarius: lol
 77550 | Abyss:4  | Mgcat: this is too easy
 77551 | Depths:1 | Escaped the Abyss
 77656 | Depths:1 | Inarius: so, now
 77658 | Depths:1 | Inarius: what are you doing ?
 77659 | Depths:1 | Voluntarily entered the Abyss.
 77748 | Abyss:1  | Mgcat: probably farm a little bit, MuBe is a cool addition
                  | to my list of win
 77748 | Abyss:1  | Inarius: yeah
 77748 | Abyss:1  | Mgcat: didn't want to lose it too soon
 77768 | Abyss:1  | Inarius: with a fustibalus :D
 77863 | Abyss:1  | Inarius: this game is really fun sometimes to offer us some
                  | alternatives
 77863 | Abyss:1  | Mgcat: I've choosed weapon of minimal invest
 77863 | Abyss:1  | Mgcat: mace and sling
 77863 | Abyss:1  | Mgcat: I've firestarter as unrand somewhere
 77863 | Abyss:1  | Mgcat: like this weapon
 77930 | Abyss:1  | Inarius: actually there is a bit of stuff in abyss
 77987 | Abyss:1  | Received a gift from Trog
 78000 | Abyss:1  | Inarius: and it's not so hard at least abyss 1
 78195 | Abyss:1  | Received a gift from Trog
 78204 | Abyss:1  | Mgcat: I've burn 5-6 aquirement on weapon + trog gift, only
                  | two fust with low enchant
 78335 | Abyss:1  | Reached skill level 12 in Maces & Flails
 78496 | Abyss:1  | Inarius: maybeeeeee then next one use it for gold to pay
                  | gozag
 78582 | Abyss:1  | Inarius: ?
 78582 | Abyss:1  | Mgcat: yep
 78902 | Abyss:1  | Received a gift from Trog
 78997 | Abyss:1  | Received a gift from Trog
 79250 | Abyss:2  | Inarius: you like risk
 79280 | Abyss:2  | Mgcat: why N
 79281 | Abyss:2  | Inarius: Abyss:2 :D
 79286 | Abyss:2  | Mgcat: I got shafted
 79293 | Abyss:2  | Inarius: oh, shit, didn't see :)
 79568 | Abyss:2  | HP: 42/205 [Executioner (18)]
 79569 | Abyss:2  | Received a gift from Trog
 79571 | Abyss:2  | Mgcat: wo
 79710 | Abyss:3  | Inarius: ohhh
 79710 | Abyss:3  | Inarius: lol
 79714 | Depths:1 | Escaped the Abyss
 79715 | Depths:1 | Mgcat: abyss farm...
 79829 | Depths:1 | Inarius: yeah
 79902 | Depths:1 | Inarius: but it was fun ! wasn't it ?
 79902 | Depths:1 | Mgcat: got emotion
 79904 | Depths:1 | Mgcat: but I burn through my stone
 79904 | Depths:1 | Inarius: you like emotion ! Proof ? You will go back there
                  | :)
 79907 | Depths:1 | Mgcat: I can't farm abyss like this
 79911 | Depths:1 | Inarius: double shaft is not so common
 79913 | Depths:1 | Voluntarily entered the Abyss.
 79915 | Abyss:1  | Noticed an ancient lich
 79928 | Abyss:1  | Killed an ancient lich
 79928 | Abyss:1  | Reached skill level 13 in Armour
 79928 | Abyss:1  | Reached skill level 13 in Shields
 79945 | Abyss:1  | Found a corrupted altar of Lugonu.
 79979 | Depths:1 | Escaped the Abyss
 80044 | Depths:1 | Voluntarily entered the Abyss.
 80142 | Abyss:1  | Reached skill level 13 in Dodging
 80391 | Abyss:1  | Gained mutation: You are strongly in touch with the powers
                  | of death. [Mummy growth]
 80391 | Abyss:1  | Reached XP level 26. HP: 116/213 MP: 36/36
 80397 | Abyss:1  | Received a gift from Trog
 80559 | Depths:1 | Escaped the Abyss
 80697 | Depths:1 | Voluntarily entered the Abyss.
 80769 | Abyss:1  | Received a gift from Trog
 81050 | Abyss:1  | Reached skill level 1 in Spellcasting
 81244 | Abyss:1  | Paralysed by accursed screaming for 2 turns
 81256 | Abyss:1  | Paralysed by accursed screaming for 1 turns
 81382 | Abyss:1  | Reached skill level 2 in Spellcasting
 81515 | Abyss:1  | HP: 47/213 [Hell Sentinel/damnation (40)]
 81796 | Depths:1 | Escaped the Abyss
 81915 | Depths:5 | Bought a scroll of torment for 127 gold pieces
 82907 | Lair:5   | Identified the Compendium of Shifting Envenoming
 83640 | Depths:2 | Bought a scroll of enchant weapon for 120 gold pieces
 84147 | Crypt:3  | Identified the Compendium of Unholy Curses
 84149 | Crypt:3  | Identified the Collected Works on Black Magic
 84505 | Vaults:5 | Entered Level 5 of the Vaults
 85061 | Vaults:5 | Received a gift from Trog
 85078 | Vaults:5 | Reached skill level 19 in Fighting
 85103 | Vaults:5 | Reached skill level 22 in Slings
 85139 | Vaults:5 | Received a gift from Trog
 85332 | Vaults:5 | Received a gift from Trog
 85458 | Vaults:5 | Paralysed by a floating eye for 2 turns
 85532 | Vaults:5 | Identified the ring of Fixation {+Fly rN+ Int+7}
 85765 | Vaults:5 | Identified the ring "Powocemi" {rPois rN++ SInv Stlth-}
 85838 | Vaults:5 | Identified the +8 hand axe "Ymeebefua" {elec, MR+ Str+4}
 86218 | Vaults:5 | Received a gift from Trog
 86404 | Vaults:5 | Reached skill level 14 in Shields
 86562 | Vaults:5 | Reached skill level 14 in Armour
 86570 | Vaults:5 | Identified the cursed +1 war axe "Wodyh Ryniu" {freeze,
                  | Fragile rElec rF++ MP+9}
 86570 | Vaults:5 | Identified the amulet "Bupn" {Gourm rF+}
 86617 | Vaults:5 | Reached skill level 14 in Dodging
 86742 | Vaults:5 | Reached XP level 27. HP: 222/222 MP: 36/36
 87131 | Vaults:5 | Received a gift from Trog
 87244 | Vaults:5 | Identified the cursed +0 hunting sling of Tebaocoq {venom,
                  | rPois}
 87693 | Vaults:5 | Identified the Compendium of the Three Suns
 87803 | Vaults:5 | Got a silver rune of Zot
 88734 | Slime:1  | Entered Level 1 of the Pits of Slime
 90378 | Slime:2  | Received a gift from Trog
 90488 | Slime:5  | Entered Level 5 of the Pits of Slime
 90837 | Slime:5  | Found a viscous altar of Jiyva.
 90837 | Slime:5  | Noticed the Royal Jelly
 91296 | Slime:5  | Killed the Royal Jelly
 91542 | Slime:5  | Found the +4 moon troll leather armour {Spirit, Regen++
                  | MP+5}
 91548 | Slime:5  | Inarius: gj
 91549 | Slime:5  | Mgcat: thanks, finish vault 5£
 91549 | Slime:5  | Mgcat: but gozag free grow accordingly ^^
 91553 | Slime:5  | Mgcat: fee*
 91567 | Slime:5  | Inarius: fucking capitalist :D
 91574 | Slime:5  | Got a scintillating pewter ring
 91592 | Slime:5  | Got a faintly humming scale mail
 91593 | Slime:5  | Identified the +1 scale mail of Piseboh {Dex+7} (You found
                  | it on level 5 of the Pits of Slime)
 91594 | Slime:5  | Identified the ring of Xuawkoq {rF+ Str+7 Dex+2 Stlth+}
                  | (You found it on level 5 of the Pits of Slime)
 91595 | Slime:5  | Inarius: ohhhh
 91596 | Slime:5  | Inarius: that's a nice ring
 91599 | Slime:5  | Mgcat: that's better
 91600 | Slime:5  | Got a glittering jade ring
 91601 | Slime:5  | Identified the ring of the Special Songs {+Fly rElec rF+
                  | MR+} (You found it on level 5 of the Pits of Slime)
 91602 | Slime:5  | Inarius: yeah, another rF+
 91602 | Slime:5  | Inarius: will be useful
 91603 | Slime:5  | Mgcat: yeah, got some wut with drawback
 91634 | Slime:5  | Got a warped copper ring
 91636 | Slime:5  | Got a slimy rune of Zot
 91651 | Slime:5  | Identified the cursed ring "Awaicewi" {rN+ Dex-4 Slay+2}
                  | (You found it on level 5 of the Pits of Slime)
 91806 | Slime:5  | Inarius: you already did vault 5 or you are going for it
                  | now ?
 91847 | Slime:5  | Received a gift from Trog
 92122 | Slime:5  | Mgcat: aulready did
 92122 | Slime:5  | Inarius: k
 92122 | Slime:5  | Mgcat: gozag asked 3k gold :/
 92122 | Slime:5  | Inarius: TP trick ?
 92122 | Slime:5  | Inarius: oh, shit he is greedy
 92122 | Slime:5  | Mgcat: yep but got mark on land :D
 92122 | Slime:5  | Mgcat: worst V5 landing ever
 92122 | Slime:5  | Inarius: that's rough :p
 92122 | Slime:5  | Inarius: potion of
 92122 | Slime:5  | Inarius: canc....
 92122 | Slime:5  | Mgcat: burn 5 tp
 92122 | Slime:5  | Inarius: oh lol :D
 92122 | Slime:5  | Mgcat: get to 25% heath
 92122 | Slime:5  | Inarius: mark + no potion of cancellation or ability to
                  | drink
 92122 | Slime:5  | Mgcat: run until mark fade then tp
 92122 | Slime:5  | Inarius: is a bit strong
 92122 | Slime:5  | Mgcat: Then cruch everythin without resting
 92122 | Slime:5  | Mgcat: 1v1 my fusti is very strong but vs multiple moster
                  | I'mweak
 92122 | Slime:5  | Mgcat: Zot now :/
 92128 | Slime:5  | Inarius: may the force be with you :D
 92128 | Slime:5  | Mgcat: ancient lich are ok, inv for draconian
 92128 | Slime:5  | Inarius: Klown and OoF
 92128 | Slime:5  | Mgcat: but elec golem, oof, Klown and slow think are scary
 92128 | Slime:5  | Inarius: you are Toe immune
 92128 | Slime:5  | Inarius: though
 92129 | Slime:5  | Mgcat: not a single elemental shield
 92150 | Slime:3  | Inarius: remember the game where i didn't found ANY rPois
                  | source uh ? :D
 92150 | Slime:3  | Mgcat: yeah
 92175 | Slime:1  | Inarius: sometimes the game is unfair with rng
 92255 | Slime:1  | Inarius: but it is not necessarily the worst
 92255 | Slime:1  | Inarius: self confidence is the worst
 92257 | Lair:6   | Inarius: have you
 92259 | Lair:6   | Inarius: some scroll of noise ?
 92259 | Lair:6   | Inarius: it's very useful for Zot:5
 92259 | Lair:6   | Mgcat: no and this is my only -tele item ...
 92259 | Lair:6   | Inarius: not a good idea
 92259 | Lair:6   | Mgcat: I can do zot 4 anyway
 92259 | Lair:6   | Mgcat: to*
 92361 | Lair:1   | Inarius: there are some good vault with stuff in it
 92416 | D:11     | Inarius: maybe yo'll have luck
 92696 | Depths:5 | Mgcat: on the other hand, I don't know what to wish...
 92696 | Zot:1    | Entered Level 1 of the Realm of Zot
 92697 | Zot:1    | Mgcat: ...
 92697 | Zot:1    | Mgcat: -potion :D
 92711 | Depths:5 | Reached skill level 20 in Fighting
 93160 | Zot:1    | Received a gift from Trog
 93250 | Zot:1    | Mgcat: +C is not worth losing 3 ac and 3 ev right
 93250 | Zot:1    | Mgcat: ?
 94087 | Depths:5 | Bought a scroll of magic mapping for 80 gold pieces
 94087 | Depths:5 | Bought a scroll of magic mapping for 80 gold pieces
 94087 | Depths:5 | Bought a scroll of magic mapping for 80 gold pieces
 94194 | Zot:2    | Reached skill level 15 in Shields
 94259 | Zot:2    | Reached skill level 15 in Armour
 94504 | Zot:2    | Got a dazzling ring mail
 94505 | Zot:2    | Identified the +8 ring mail "Baclixo" {rPois rN+ Str+6
                  | Int-3} (You found it on level 2 of the Realm of Zot)
 94506 | Zot:2    | Mgcat: Are you here ?
 94524 | Zot:2    | Inarius: now yes
 94533 | Zot:2    | Inarius: i haven't seen what you did i was busy to work
 94533 | Zot:2    | Mgcat: +8 ring with +6 str, gold that give +C but weak me
                  | or increase plate
 94567 | Zot:1    | Mgcat: plate and ring ac+ev = 57
 94567 | Zot:1    | Mgcat: gold is 53
 94577 | Zot:1    | Mgcat: 54
 94577 | Zot:1    | Mgcat: one enchant scroll
 94590 | Zot:1    | Mgcat: but loose Rf
 94592 | Zot:1    | Mgcat: Ahhhhhhhh, it's difficult
 94712 | Zot:2    | Reached skill level 15 in Dodging
 94750 | Zot:2    | Inarius: you win directly if you grab the orb
 94766 | Zot:2    | Inarius: or go for extended ?
 94775 | Zot:2    | Mgcat: given my gold increase, win
 94775 | Zot:2    | Mgcat: I will need 3.5k golf to join gozag
 94808 | Zot:2    | Inarius: yeah
 94808 | Zot:2    | Inarius: ok
 95207 | Zot:2    | Received a gift from Trog
 95820 | Zot:2    | Identified the Volume of Enchantment and Air
 96400 | Zot:2    | Mgcat: elec golem check
 96503 | Zot:2    | Inarius: you'll win i think
 96531 | Zot:2    | Inarius: except zot fuckery
 96648 | Zot:2    | Mgcat: so I will loose :D
 96873 | Zot:2    | Inarius: i'm watching
 96875 | Zot:2    | Inarius: so you will not :D
 96876 | Zot:2    | Inarius: and you are a good player overall so i think this
                  | will work
 96876 | Zot:2    | Inarius: just check if you can have some noise scroll
 96876 | Zot:2    | Mgcat: I need 20 or so bullet to kill something so I SPAM
                  | tab
 96876 | Zot:2    | Inarius: ok
 96876 | Zot:2    | Mgcat: lol no noise
 96876 | Zot:2    | Inarius: ooohh
 96876 | Zot:2    | Inarius: you have to type
 96876 | Zot:2    | Inarius: "="
 96876 | Zot:2    | Inarius: it's considered as useless
 96876 | Zot:2    | Inarius: i think ?
 96876 | Zot:2    | Inarius: yeah
 96876 | Zot:2    | Mgcat: ohhhhh
 96876 | Zot:2    | Inarius: so type "noise" again
 96877 | Zot:2    | Inarius: and after that "="
 97139 | Vaults:3 | Mgcat: no -tele, lack of teleport scroll
 97200 | Vaults:5 | Inarius: the idea is to combine noise and if necessary fog
 97200 | Vaults:5 | Inarius: to avoid being blinked or zottrapped
 97200 | Vaults:5 | Inarius: or anything
 97200 | Vaults:5 | Mgcat: I can dig a kill hole and mark also
 97200 | Vaults:5 | Inarius: how ?
 97258 | Vaults:4 | Inarius: the zot vault is not diggable, is it ?
 97288 | Vaults:1 | Mgcat: find a mark trap before the vault and dig before
 97556 | Elf:1    | Mgcat: to get away from the vault a maximum
 97556 | Elf:1    | Inarius: this is a good idea
 97556 | Elf:1    | Inarius: if you find one
 97556 | Elf:1    | Inarius: it is
 97556 | Elf:1    | Mgcat: but there is rarely trap before ^^
 97778 | D:4      | Mgcat: there is no trick with vuln scroll on zot 5 ?
 97788 | D:3      | Inarius: i never use vuln scroll
 97788 | D:3      | Inarius: i don't know how to use it
 97788 | D:3      | Mgcat: oof magic imune, klown 160Mr...
 97788 | D:3      | Mgcat: even with vuln there is nothing to do
 97788 | D:3      | Mgcat: vuln difide by two Mr on everything
 97788 | D:3      | Inarius: yeah
 97788 | D:3      | Inarius: well, maybe you can paralyse an oof :D
 97788 | D:3      | Mgcat: but 80 is too uch
 97788 | D:3      | Mgcat: no, magic imune
 98005 | Elf:2    | Mgcat: I love the TRJ vault because there is lot of
                  | technique to kill it
 98005 | Elf:2    | Mgcat: zot 5 in the other hand is prety straightforward
 98005 | Elf:2    | Bought a wand of iceblast (6) for 140 gold pieces
 98005 | Elf:2    | Bought a box of beasts for 280 gold pieces
 98005 | Elf:2    | Mgcat: Be strong
 98343 | Snake:4  | Mgcat: I've open a trove givin all my piety and found and
                  | evocation trove
 98343 | Snake:4  | Mgcat: with a manual inside
 98343 | Snake:4  | Bought a box of beasts for 300 gold pieces
 98343 | Snake:4  | Inarius: yeah
 98343 | Snake:4  | Inarius: last game i lose (in Zig)
 98343 | Snake:4  | Inarius: was with 10 healing potion
 98343 | Snake:4  | Mgcat: going from 12 to 18 evo is a game changer
 98343 | Snake:4  | Inarius: i was playing a DsAs, then
 98345 | Snake:4  | Inarius: annnnddd only was full of STAVES
 98345 | Snake:4  | Bought a cursed +5 ring of protection for 936 gold pieces
 98364 | Snake:4  | Mgcat: yeah, trove are deception
 98634 | D:15     | Mgcat: A nice artefact cloak can be usefull here
 98759 | Depths:2 | Bought an embroidered scarf for 272 gold pieces
 99019 | Zot:2    | Mgcat: AK is not suposed to be a strong background ?
 99019 | Zot:2    | Mgcat: I never tried it seriously
 99019 | Zot:2    | Mgcat: You think the god is usefull in comparison with oka
                  | ?
 99060 | Zot:3    | Reached skill level 23 in Slings
 99101 | Zot:3    | Received a gift from Trog
 99522 | Zot:3    | Inarius: well
 99524 | Zot:3    | Inarius: no it's not
 99550 | Zot:3    | Inarius: so far i don't like it
 99679 | Zot:3    | Received a gift from Trog
 99940 | Zot:3    | Inarius: try CK :D
 99940 | Zot:3    | Mgcat: I've lost a CK on the ascent
 99940 | Zot:3    | Mgcat: HO FI
 99940 | Zot:3    | Mgcat: And win a GrVM
 99940 | Zot:3    | Inarius: GrVM ?
 99940 | Zot:3    | Inarius: challenge !
 99940 | Zot:3    | Mgcat: I don't remenber precicely but GrVM was strong
 99940 | Zot:3    | Mgcat: and xom is not a problem on strong char
100015 | Zot:4    | Inarius: yeah
100015 | Zot:4    | Inarius: Xom makes you stronger if you are already strong
100017 | Zot:4    | Inarius: and will kill you if you are not :D
100087 | Zot:3    | Mgcat: most of Dcss work like this, this is why weak specie
                  | are tiedious to play
100322 | Zot:4    | Reached skill level 21 in Fighting
101083 | Zot:4    | Reached skill level 16 in Shields
101158 | Zot:4    | Received a gift from Trog
101162 | Zot:4    | Reached skill level 16 in Armour
101336 | Zot:4    | Reached skill level 16 in Dodging
101432 | Zot:4    | Mgcat: try to find speed fus ?
101432 | Zot:4    | Inarius: i have to go to eat
101432 | Zot:4    | Inarius: i don't know :D
101433 | Zot:4    | Inarius: i'm sure that when i'll be back you 'll win :)
101433 | Zot:4    | Mgcat: Nice meal
101591 | Depths:5 | Bought a scroll of brand weapon for 460 gold pieces
101646 | Depths:2 | Bought a scroll of brand weapon for 320 gold pieces
101646 | Depths:2 | Bought a scroll of brand weapon for 320 gold pieces
101830 | Zot:5    | Entered Level 5 of the Realm of Zot
102412 | Zot:5    | Got a faintly glowing crystal plate armour
102413 | Zot:5    | Identified the +1 crystal plate armour of Beogh's
                  | Generosity {Regen+ Str+3} (You acquired it on level 5 of
                  | the Realm of Zot)
102545 | Zot:5    | Noticed an ancient lich
102550 | Zot:5    | Noticed an orb of fire
102551 | Zot:5    | Noticed an orb of fire
102552 | Zot:5    | Noticed an ancient lich
102555 | Zot:5    | Killed an ancient lich
102563 | Zot:5    | Killed an orb of fire
102565 | Zot:5    | HP: 32/229 [orb of fire/fireball (30)]
102566 | Zot:5    | HP: 8/229 [orb of fire/bolt of fire (14)]
102567 | Zot:5    | Noticed an orb of fire
102567 | Zot:5    | Noticed an orb of fire
102567 | Zot:5    | Noticed an orb of fire
102568 | Zot:5    | Noticed an ancient lich
102575 | Zot:5    | HP: 5/229 [orb of fire/bolt of fire (7)]
102575 | Zot:5    | Slain by an Orb Guardian

Levels and vault maps discovered:
D:1:      dpeg_arrival_connections, layout_loops_corners,
          chequers_serial_rivers_small_3
D:2:      layout_loops_corners, lemuel_round_altar,
          nicolae_ru_great_annihilating_truth, first_ration
D:3:      layout_loops_cross, lemuel_round_altar, nicolae_overflow_hidden_temple
D:4:      layout_cave_pools, nicolae_tso_swordbearing_angel,
          serial_column_ruins, column_ruins_hut_ruined, column_ruins_hut,
          column_ruins_open_small, column_ruins_grid_1,
          column_ruins_corridor_straight, column_ruins_grid_1
D:5:      layout_basic, grunt_temple_overflow_champion_of_chaos,
          minmay_temple_entry_butterflies, kennysheep_small_spiral
D:6:      layout_cave_pools, uniq_pikel
D:7:      layout_rooms, serial_shops, shop_statue, kennysheep_little_box,
          uniq_harold
D:8:      minmay_four_partial_circles, layout_gridville, lemuel_crystal_altar,
          special_room [special_room_kobold],
          hangedman_abyss_or_decor_lesser_grid, uniq_joseph
D:9:      layout_long_grid, grunt_temple_overflow_forces_of_nature,
          lemuel_crystal_altar
D:10:     minmay_cut_squares, layout_loops_corners, erik_lair_island,
          okawaru_humans
D:11:     layout_cave_pools, zombieorc2_lemuel, uniq_maurice
D:12:     layout_cave_pools, uniq_erolcha
D:13:     minmay_firetagon, layout_cave_pools, enter_bailey_3
D:14:     layout_roguey [special_room_orc], david_vaults_1
D:15:     hangedman_slaughterboxes
Temple:   jpeg_temple_alley_garden
Lair:1:   layout_regular_city
Lair:2:   layout_loops_ring, minmay_snake_entry_six_corridors,
          bh_autumn_forest_stairs
Lair:3:   layout_roguey, ebering_ghost_inner_flame, grunt_megastairs_3,
          lemuel_fruit_tree, uniq_snorg, uniq_sonja
Lair:4:   layout_regular_city, swamp_mist_pool
Lair:5:   layout_big_grid, gauntlet_entry_generic, pf_torpor_hydra,
          grunt_megastairs_1
Lair:6:   evilmike_catoblepas_cave, layout_hall_layers,
          dpeg_slime_entry_enclosed_altar, st_stairs_3, kilobyte_rumbling_trees,
          lemuel_fruit_fields, lemuel_fruit_fields
Swamp:1:  cheibrodos_swamp_monstrosity, layout_falls_marsh,
          evilmike_swamp_ruin_house_1
Swamp:2:  layout_basic_swamp, evilmike_swamp_ruin_house_3
Swamp:3:  layout_basic_swamp, evilmike_swamp_ruin_wall
Swamp:4:  swamp_alternative, layout_basic_swamp, uniq_mara, uniq_aizul
Snake:1:  layout_concentric_octagons
Snake:2:  layout_honeycomb, nicolae_snake_lava_pool, serial_bayou_shore_b
Snake:3:  layout_gridlike, serial_shops, nicolae_shop_waterfront, uniq_roxanne,
          uniq_vashnia, uniq_kirke
Snake:4:  snake_pit, layout_cave_pods, basic_altar, minmay_shop_grove
Slime:1:  layout_caves, cheibrodos_slime_lost_civilization_6
Slime:2:  layout_caves, uniq_dissolution
Slime:3:  layout_caves
Slime:4:  layout_caves
Slime:5
Orc:1:    layout_diamond_mine, bloody_makhleb
Orc:2:    grunt_orc_tribal_feast, layout_diamond_mine, uniq_urug
Elf:1:    layout_onion_city, portal_ice_cave_entry_pillars_2, evilmike_minifort,
          minmay_the_grid_square_5x5_3x3_mashed
          [minmay_the_grid_square_5x5_tetrominoes,
          minmay_the_grid_square_5x5_moneybag, minmay_the_grid_square_5x5_lines,
          minmay_the_grid_square_5x5_shrine1,
          minmay_the_grid_square_5x5_megaprize_checkered,
          minmay_the_grid_square_5x5_two, minmay_the_grid_square_5x5_z,
          minmay_the_grid_square_5x5_tri_point,
          minmay_the_grid_square_5x5_shrine2]
Elf:2:    layout_onion_city, basic_altar, serial_shops, shop,
          minmay_misc_feat_columns, minmay_misc_feat_alley, due_unseen_surprise,
          uniq_agnes
Elf:3:    minmay_elf_hall_circle, layout_onion_city, serial_shops, shop
Vaults:1: v_misc_33, st_check, nicolae_vaults_little_squares_3,
          nicolae_vaults_ring_of_whatevers, vaults_room_door_ring,
          ontoclasm_vaults_eye, vaults_room_pools, v_misc_29, v_misc_19,
          ontoclasm_vaults_pinch, hangedman_vaults_pinch,
          layout_vaults_omnigrid, serial_shops, nicolae_shop_waterfront,
          enter_trove_2, uniq_donald
Vaults:2: minmay_crypt_entry_simple_plaza, nicolae_vaults_circle_grid_b,
          st_squares, nicolae_vaults_yaktaur_gun_rack, v_misc_22,
          ontoclasm_vaults_twist, vaults_room_pool, layout_vaults_chaotic_city
Vaults:3: st_lattice, v_misc_32, nicolae_vaults_three_branches,
          vaults_dpeg_doors, hangedman_vaults_impose, vaults_room_fours,
          vaults_room_fours, hangedman_vaults_corner_blocks,
          ontoclasm_vaults_tryst, ontoclasm_vaults_decontamination, v_misc_23,
          layout_vaults_ring
Vaults:4: vaults_room_semicircle, hangedman_vaults_nails, v_misc_10,
          vaults_mumra_lcd, ontoclasm_vaults_spin, v_misc_11,
          hangedman_vaults_capsules, hangedman_vaults_trim,
          nicolae_vaults_theta, vaults_room_hallway, v_misc_16,
          nicolae_vaults_little_ls, grunt_vaults_hallway_long,
          layout_vaults_maze_snakey
Vaults:5
Crypt:1:  layout_rooms
Crypt:2:  layout_catacombs
Crypt:3:  grunt_crypt_end_deaths_head
Depths:1: layout_cave_pools, minmay_misc_feat_more_columns, pf_coc_iceberg,
          minmay_room_of_horrors, drop_trap, lightli_gold_pyramid
Depths:2: minmay_mutant_horseshoe, layout_cave_shapes,
          chequers_serial_rivers_micro_b, grunt_hell_entry_dis_grunt,
          rand_demon_pan_entry_1, serial_shops, nicolae_shop_stone, shop, shop,
          minmay_staircase_bubble, uniq_nikola, uniq_saint_roka, uniq_sojobo
Depths:3: gammafunk_corrupted_shrine, layout_basic, hellmouth_1,
          grunt_pan_entry_zigzag, kennysheep_doodads,
          infiniplex_staircase_river, grunt_megastairs_2, uniq_frederick,
          uniq_mennas, uniq_bai_suzhen
Depths:4: minmay_skeletal_surprise, layout_gridlike, pf_hell_entry_great_geh,
          abyss_entry, kennysheep_pointless_box, kennysheep_random_hallway,
          uniq_margery
Depths:5: evilmike_zot_entry_diamond, layout_gridlike, enter_ziggurat_f,
          abyss_entry_small_statue_room, rand_demon_pan_entry_8,
          minmay_misc_feat_diagonals, hell_entry, minmay_shop_star,
          serial_bayou_shore_b, serial_bayou_shore_b
Zot:1:    ebering_greatest_show_in_zot, layout_misc_corridors
Zot:2:    minmay_elemental_castle, layout_misc_corridors,
          st_large_dragon_hoard_3, lemuel_elevator
Zot:3:    layout_twisted_circle
Zot:4:    layout_gridville
Zot:5:    layout_onion
Abyss:1:  evilmike_abyss_exit_1
Abyss:2
Abyss:3:  hangedman_abyss_feature_spike, hangedman_abyss_or_decor_stagger
Abyss:4:  guppyfry_abyss_exit_imp_island, gammafunk_abyss_rune_reverse_zot,
          due_exit_kobolds
Trove:    trove_misc_throne_room
Bailey:   bailey_axe_2, bailey
Gauntlet: minmay_gauntlet_77_indecision [minmay_gauntlet_arena_77_cramped,
          minmay_gauntlet_arena_77_radiant_squares,
          minmay_gauntlet_arena_77_box, minmay_gauntlet_arena_77_museum,
          minmay_gauntlet_arena_77_p_blocks,
          minmay_gauntlet_arena_77_tiled_triplets, gauntlet_exit_hidden_loot]

Skill      XL: |  1  2  3  4  5  6  7  8  9 10 11 12 13 14 15 16 17 18 19 20 21 22 23 24 25 26 27 |
---------------+----------------------------------------------------------------------------------+-----
Maces & Flails | 3 4 5 6 7 8 9 10 11 12 | 12.0
Slings         | 1 2 3 4 6 8 10 12 13 14 15 18 19 20 21 22 23 | 23.4
Fighting       | 4 5 6 8 10 11 12 13 15 16 17 18 19 21 | 21.4
Evocations     | 1 2 4 5 6 8 9 10 11 12 14 17 18 | 18.0
Armour         | 3 5 6 8 9 10 11 12 13 14 16 | 16.2
Dodging        | 3 5 7 8 9 10 11 12 13 14 16 | 16.2
Shields        | 4 5 6 8 9 10 11 12 13 14 16 | 16.2
Spellcasting   | 2 |  2.3

Action                   |  1- 3 |  4- 6 |  7- 9 | 10-12 | 13-15 | 16-18 | 19-21 | 22-24 | 25-27 || total
-------------------------+-------+-------+-------+-------+-------+-------+-------+-------+-------++-------
Melee: Mace              |    47 |       |       |       |       |       |       |       |       ||    47
       Whip              |       |    11 |       |     8 |       |       |       |       |       ||    19
       Hunting sling     |       |       |       |       |     1 |       |       |       |       ||     1
       Demon whip        |       |       |       |       |       |     2 |    19 |    28 |   631 ||   680
       Fustibalus        |       |       |       |       |       |       |     2 |       |       ||     2
 Fire: Hunting sling     |    50 |   215 |   272 |  1063 |  2109 |  1736 |       |       |       ||  5445
       Fustibalus        |       |       |       |       |       |   954 |  2633 |  2761 |  3582 ||  9930
Throw: Stone             |     1 |       |       |       |       |       |       |       |       ||     1
       Throwing net      |       |       |     2 |     5 |       |       |       |       |       ||     7
Invok: Brothers in Arms  |       |       |       |       |       |     8 |     3 |    14 |    13 ||    38
       Trog's Hand       |       |       |       |       |       |     1 |       |     1 |    14 ||    16
 Abil: Evoke Invisibilit |       |       |       |       |       |     4 |    12 |     5 |     7 ||    28
       Evoke Flight      |       |       |       |       |       |       |     2 |       |     5 ||     7
Evoke: Wand              |       |       |     1 |    16 |    46 |    39 |    19 |     9 |     7 ||   137
       Box of beasts     |       |       |       |     4 |       |     1 |     2 |     5 |     1 ||    13
       Lamp of fire      |       |       |       |       |     2 |     4 |     8 |     6 |     5 ||    25
       Lightning rod     |       |       |       |       |       |       |     9 |    24 |     4 ||    37
       Phial of floods   |       |       |       |       |       |       |     1 |       |       ||     1
       Phantom mirror    |       |       |       |       |       |       |     1 |       |       ||     1
       Sack of spiders   |       |       |       |       |       |       |     1 |     2 |     1 ||     4
  Use: Scroll            |       |     9 |     5 |     6 |    22 |    20 |    17 |    16 |    47 ||   142
 Stab: Paralysed         |       |       |       |     8 |       |       |     4 |       |       ||    12
Armor: Animal skin       |     7 |       |       |       |       |       |       |       |       ||     7
       Leather armour    |    13 |       |       |       |       |       |       |       |       ||    13
       Ring mail         |       |     6 |       |       |       |       |       |       |   143 ||   149
       Scale mail        |       |    40 |    31 |    96 |    74 |       |       |       |       ||   241
       Chain mail        |       |       |       |       |   174 |   451 |       |       |       ||   625
       Plate armour      |       |       |       |       |    10 |    45 |   463 |   691 |   730 ||  1939
Dodge: Dodged            |    57 |    48 |    43 |   131 |   215 |   415 |   235 |   571 |   845 ||  2560
       Deflected         |       |       |     5 |    17 |       |       |       |       |       ||    22
Block: Shield            |       |       |       |    45 |   333 |   688 |  1005 |  1054 |  1271 ||  4396
       Reflection        |       |       |       |       |       |    20 |   185 |    47 |       ||   252

Table legend:
 A = Non-vault XP
 B = Vault XP
 C = Vault XP percentage of total XP
 D = Non-vault monster count
 E = Vault monster count
 F = Vault count percentage of total count
                 A         B        C        D         E       F
            +---------+---------+-------+---------+---------+-------
      Total | 1123420 |  838115 |  42.7 |    2020 |    1036 |  33.9
            +---------+---------+-------+---------+---------+-------
        D:1 |      41 |       4 |   8.9 |      25 |       2 |   7.4
        D:2 |      91 |      43 |  32.1 |      28 |       2 |   6.7
        D:3 |      48 |       0 |   0.0 |      15 |       0 |   0.0
        D:4 |     197 |       0 |   0.0 |      14 |       0 |   0.0
        D:5 |     339 |      48 |  12.4 |      11 |       1 |   8.3
        D:6 |     756 |    1620 |  68.2 |      21 |       2 |   8.7
        D:7 |     641 |       0 |   0.0 |      19 |       0 |   0.0
        D:8 |    1043 |    3206 |  75.5 |      22 |      30 |  57.7
        D:9 |    1380 |       0 |   0.0 |      15 |       0 |   0.0
       D:10 |    4827 |    4569 |  48.6 |      43 |      21 |  32.8
       D:11 |    3960 |    1152 |  22.5 |      30 |      37 |  55.2
       D:12 |    6382 |    1284 |  16.7 |      44 |       3 |   6.4
       D:13 |    6982 |    2138 |  23.4 |      42 |       7 |  14.3
       D:14 |   10320 |    4691 |  31.3 |      37 |      29 |  43.9
       D:15 |       0 |   41508 | 100.0 |       0 |      87 | 100.0
     Lair:1 |    3079 |       0 |   0.0 |      17 |       0 |   0.0
     Lair:2 |    6486 |    2577 |  28.4 |      17 |      19 |  52.8
     Lair:3 |    3945 |    4301 |  52.2 |      20 |      11 |  35.5
     Lair:4 |    3877 |       0 |   0.0 |      16 |       0 |   0.0
     Lair:5 |   11234 |    1406 |  11.1 |      29 |       2 |   6.5
     Lair:6 |    8868 |   12461 |  58.4 |      30 |      32 |  51.6
    Swamp:1 |    3775 |    3052 |  44.7 |      14 |       1 |   6.7
    Swamp:2 |    3177 |       0 |   0.0 |      12 |       0 |   0.0
    Swamp:3 |   11783 |    4801 |  28.9 |      35 |       5 |  12.5
    Swamp:4 |   12047 |   24816 |  67.3 |      30 |      27 |  47.4
    Snake:1 |   14643 |       0 |   0.0 |      31 |       0 |   0.0
    Snake:2 |   15766 |    2635 |  14.3 |      32 |       9 |  22.0
    Snake:3 |   20416 |    9473 |  31.7 |      41 |      10 |  19.6
    Snake:4 |   29230 |   31682 |  52.0 |      52 |      45 |  46.4
    Slime:1 |    8810 |       0 |   0.0 |      18 |       0 |   0.0
    Slime:2 |    2668 |       0 |   0.0 |       9 |       0 |   0.0
    Slime:4 |    3186 |       0 |   0.0 |       4 |       0 |   0.0
    Slime:5 |   16468 |   30862 |  65.2 |      25 |      15 |  37.5
      Orc:1 |    1037 |       0 |   0.0 |      18 |       0 |   0.0
      Orc:2 |    3907 |    8371 |  68.2 |      31 |      31 |  50.0
      Elf:1 |   25833 |   12915 |  33.3 |      44 |      21 |  32.3
      Elf:2 |   23244 |   27788 |  54.5 |      40 |      31 |  43.7
      Elf:3 |   20134 |   44153 |  68.7 |      35 |      28 |  44.4
   Vaults:1 |   31950 |   16778 |  34.4 |      64 |      26 |  28.9
   Vaults:2 |   24985 |    8783 |  26.0 |      44 |      15 |  25.4
   Vaults:3 |   45537 |   12034 |  20.9 |      69 |      15 |  17.9
   Vaults:4 |   32063 |    8200 |  20.4 |      47 |      13 |  21.7
   Vaults:5 |   49987 |  136544 |  73.2 |      58 |     100 |  63.3
    Crypt:1 |   28759 |       0 |   0.0 |      48 |       0 |   0.0
    Crypt:2 |   32566 |       0 |   0.0 |      46 |       0 |   0.0
    Crypt:3 |       0 |   78780 | 100.0 |       0 |     118 | 100.0
   Depths:1 |   41948 |   21924 |  34.3 |      69 |      30 |  30.3
   Depths:2 |   29847 |   26755 |  47.3 |      44 |      24 |  35.3
   Depths:3 |   56272 |   36810 |  39.5 |      69 |      26 |  27.4
   Depths:4 |   25071 |   29376 |  54.0 |      27 |      21 |  43.8
   Depths:5 |   41000 |   39485 |  49.1 |      40 |      27 |  40.3
      Zot:1 |   30230 |   26118 |  46.4 |      21 |      13 |  38.2
      Zot:2 |   38031 |   72036 |  65.4 |      26 |      34 |  56.7
      Zot:3 |   47120 |       0 |   0.0 |      28 |       0 |   0.0
      Zot:4 |   69920 |       0 |   0.0 |      42 |       0 |   0.0
      Zot:5 |   26984 |   31349 |  53.7 |      18 |       7 |  28.0
    Abyss:1 |  136053 |    1842 |   1.3 |     212 |       1 |   0.5
    Abyss:2 |   13322 |       0 |   0.0 |      21 |       0 |   0.0
    Abyss:3 |   17894 |     904 |   4.8 |      29 |       1 |   3.3
    Abyss:4 |   13261 |    5426 |  29.0 |      32 |      13 |  28.9
     Bailey |       0 |     403 | 100.0 |       0 |      34 | 100.0
   Gauntlet |       0 |    3012 | 100.0 |       0 |      10 | 100.0
            +---------+---------+-------+---------+---------+-------

Levels and vault maps discovered:
D:1:      dpeg_arrival_connections, layout_loops_corners,
          chequers_serial_rivers_small_3
D:2:      layout_loops_corners, lemuel_round_altar,
          nicolae_ru_great_annihilating_truth, first_ration
D:3:      layout_loops_cross, lemuel_round_altar, nicolae_overflow_hidden_temple
D:4:      layout_cave_pools, nicolae_tso_swordbearing_angel,
          serial_column_ruins, column_ruins_hut_ruined, column_ruins_hut,
          column_ruins_open_small, column_ruins_grid_1,
          column_ruins_corridor_straight, column_ruins_grid_1
D:5:      layout_basic, grunt_temple_overflow_champion_of_chaos,
          minmay_temple_entry_butterflies, kennysheep_small_spiral
D:6:      layout_cave_pools, uniq_pikel
D:7:      layout_rooms, serial_shops, shop_statue, kennysheep_little_box,
          uniq_harold
D:8:      minmay_four_partial_circles, layout_gridville, lemuel_crystal_altar,
          special_room [special_room_kobold],
          hangedman_abyss_or_decor_lesser_grid, uniq_joseph
D:9:      layout_long_grid, grunt_temple_overflow_forces_of_nature,
          lemuel_crystal_altar
D:10:     minmay_cut_squares, layout_loops_corners, erik_lair_island,
          okawaru_humans
D:11:     layout_cave_pools, zombieorc2_lemuel, uniq_maurice
D:12:     layout_cave_pools, uniq_erolcha
D:13:     minmay_firetagon, layout_cave_pools, enter_bailey_3
D:14:     layout_roguey [special_room_orc], david_vaults_1
D:15:     hangedman_slaughterboxes
Temple:   jpeg_temple_alley_garden
Lair:1:   layout_regular_city
Lair:2:   layout_loops_ring, minmay_snake_entry_six_corridors,
          bh_autumn_forest_stairs
Lair:3:   layout_roguey, ebering_ghost_inner_flame, grunt_megastairs_3,
          lemuel_fruit_tree, uniq_snorg, uniq_sonja
Lair:4:   layout_regular_city, swamp_mist_pool
Lair:5:   layout_big_grid, gauntlet_entry_generic, pf_torpor_hydra,
          grunt_megastairs_1
Lair:6:   evilmike_catoblepas_cave, layout_hall_layers,
          dpeg_slime_entry_enclosed_altar, st_stairs_3, kilobyte_rumbling_trees,
          lemuel_fruit_fields, lemuel_fruit_fields
Swamp:1:  cheibrodos_swamp_monstrosity, layout_falls_marsh,
          evilmike_swamp_ruin_house_1
Swamp:2:  layout_basic_swamp, evilmike_swamp_ruin_house_3
Swamp:3:  layout_basic_swamp, evilmike_swamp_ruin_wall
Swamp:4:  swamp_alternative, layout_basic_swamp, uniq_mara, uniq_aizul
Snake:1:  layout_concentric_octagons
Snake:2:  layout_honeycomb, nicolae_snake_lava_pool, serial_bayou_shore_b
Snake:3:  layout_gridlike, serial_shops, nicolae_shop_waterfront, uniq_roxanne,
          uniq_vashnia, uniq_kirke
Snake:4:  snake_pit, layout_cave_pods, basic_altar, minmay_shop_grove
Slime:1:  layout_caves, cheibrodos_slime_lost_civilization_6
Slime:2:  layout_caves, uniq_dissolution
Slime:3:  layout_caves
Slime:4:  layout_caves
Slime:5
Orc:1:    layout_diamond_mine, bloody_makhleb
Orc:2:    grunt_orc_tribal_feast, layout_diamond_mine, uniq_urug
Elf:1:    layout_onion_city, portal_ice_cave_entry_pillars_2, evilmike_minifort,
          minmay_the_grid_square_5x5_3x3_mashed
          [minmay_the_grid_square_5x5_tetrominoes,
          minmay_the_grid_square_5x5_moneybag, minmay_the_grid_square_5x5_lines,
          minmay_the_grid_square_5x5_shrine1,
          minmay_the_grid_square_5x5_megaprize_checkered,
          minmay_the_grid_square_5x5_two, minmay_the_grid_square_5x5_z,
          minmay_the_grid_square_5x5_tri_point,
          minmay_the_grid_square_5x5_shrine2]
Elf:2:    layout_onion_city, basic_altar, serial_shops, shop,
          minmay_misc_feat_columns, minmay_misc_feat_alley, due_unseen_surprise,
          uniq_agnes
Elf:3:    minmay_elf_hall_circle, layout_onion_city, serial_shops, shop
Vaults:1: v_misc_33, st_check, nicolae_vaults_little_squares_3,
          nicolae_vaults_ring_of_whatevers, vaults_room_door_ring,
          ontoclasm_vaults_eye, vaults_room_pools, v_misc_29, v_misc_19,
          ontoclasm_vaults_pinch, hangedman_vaults_pinch,
          layout_vaults_omnigrid, serial_shops, nicolae_shop_waterfront,
          enter_trove_2, uniq_donald
Vaults:2: minmay_crypt_entry_simple_plaza, nicolae_vaults_circle_grid_b,
          st_squares, nicolae_vaults_yaktaur_gun_rack, v_misc_22,
          ontoclasm_vaults_twist, vaults_room_pool, layout_vaults_chaotic_city
Vaults:3: st_lattice, v_misc_32, nicolae_vaults_three_branches,
          vaults_dpeg_doors, hangedman_vaults_impose, vaults_room_fours,
          vaults_room_fours, hangedman_vaults_corner_blocks,
          ontoclasm_vaults_tryst, ontoclasm_vaults_decontamination, v_misc_23,
          layout_vaults_ring
Vaults:4: vaults_room_semicircle, hangedman_vaults_nails, v_misc_10,
          vaults_mumra_lcd, ontoclasm_vaults_spin, v_misc_11,
          hangedman_vaults_capsules, hangedman_vaults_trim,
          nicolae_vaults_theta, vaults_room_hallway, v_misc_16,
          nicolae_vaults_little_ls, grunt_vaults_hallway_long,
          layout_vaults_maze_snakey
Vaults:5
Crypt:1:  layout_rooms
Crypt:2:  layout_catacombs
Crypt:3:  grunt_crypt_end_deaths_head
Depths:1: layout_cave_pools, minmay_misc_feat_more_columns, pf_coc_iceberg,
          minmay_room_of_horrors, drop_trap, lightli_gold_pyramid
Depths:2: minmay_mutant_horseshoe, layout_cave_shapes,
          chequers_serial_rivers_micro_b, grunt_hell_entry_dis_grunt,
          rand_demon_pan_entry_1, serial_shops, nicolae_shop_stone, shop, shop,
          minmay_staircase_bubble, uniq_nikola, uniq_saint_roka, uniq_sojobo
Depths:3: gammafunk_corrupted_shrine, layout_basic, hellmouth_1,
          grunt_pan_entry_zigzag, kennysheep_doodads,
          infiniplex_staircase_river, grunt_megastairs_2, uniq_frederick,
          uniq_mennas, uniq_bai_suzhen
Depths:4: minmay_skeletal_surprise, layout_gridlike, pf_hell_entry_great_geh,
          abyss_entry, kennysheep_pointless_box, kennysheep_random_hallway,
          uniq_margery
Depths:5: evilmike_zot_entry_diamond, layout_gridlike, enter_ziggurat_f,
          abyss_entry_small_statue_room, rand_demon_pan_entry_8,
          minmay_misc_feat_diagonals, hell_entry, minmay_shop_star,
          serial_bayou_shore_b, serial_bayou_shore_b
Zot:1:    ebering_greatest_show_in_zot, layout_misc_corridors
Zot:2:    minmay_elemental_castle, layout_misc_corridors,
          st_large_dragon_hoard_3, lemuel_elevator
Zot:3:    layout_twisted_circle
Zot:4:    layout_gridville
Zot:5:    layout_onion
Abyss:1:  evilmike_abyss_exit_1
Abyss:2
Abyss:3:  hangedman_abyss_feature_spike, hangedman_abyss_or_decor_stagger
Abyss:4:  guppyfry_abyss_exit_imp_island, gammafunk_abyss_rune_reverse_zot,
          due_exit_kobolds
Trove:    trove_misc_throne_room
Bailey:   bailey_axe_2, bailey
Gauntlet: minmay_gauntlet_77_indecision [minmay_gauntlet_arena_77_cramped,
          minmay_gauntlet_arena_77_radiant_squares,
          minmay_gauntlet_arena_77_box, minmay_gauntlet_arena_77_museum,
          minmay_gauntlet_arena_77_p_blocks,
          minmay_gauntlet_arena_77_tiled_triplets, gauntlet_exit_hidden_loot]

Table legend:
 A = Turns spent in this place as a percentage of turns spent in the entire game.
 B = Non-inter-level travel turns spent in this place as a percentage of non-inter-level travel turns spent in the entire game.
 C = Inter-level travel turns spent in this place as a percentage of turns spent in this place.
 D = Turns resting spent in this place as a percentage of non-inter-level travel turns spent in this place.
 E = Turns spent auto-exploring this place as a percentage of non-inter-level travel turns spent in this place.
 F = Non-inter-level travel turns spent in this place divided by the number of levels of this place that you've seen.
                   A       B       C       D       E      F
               +-------+-------+-------+-------+-------+----------------------
         Total | 100.0 | 100.0 |  15.0 |  17.4 |  52.6 | 1227.6
       Dungeon |  20.5 |  18.1 |  25.1 |   8.4 |  64.9 | 1052.3
        Temple |   0.4 |   0.2 |  53.6 |   0.0 |  98.5 | 201.0
          Lair |   8.3 |   7.7 |  21.6 |   2.3 |  71.2 | 1112.5
         Swamp |   5.5 |   6.1 |   5.3 |  21.9 |  58.1 | 1332.8
     Snake Pit |   7.0 |   7.6 |   7.5 |  12.5 |  50.1 | 1659.5
    Slime Pits |   2.7 |   3.0 |   2.9 |  51.0 |  21.9 | 529.8
  Orcish Mines |   3.2 |   2.4 |  36.1 |  21.9 |  53.1 | 1036.5
   Elven Halls |   6.2 |   6.2 |  15.1 |   7.5 |  59.4 | 1807.7
        Vaults |  13.8 |  14.1 |  13.5 |  17.7 |  51.6 | 2450.4
         Crypt |   5.3 |   5.7 |   8.5 |  13.1 |  54.1 | 1655.7
        Depths |  14.3 |  14.8 |  12.4 |  37.2 |  40.6 | 2575.4
           Zot |   7.0 |   7.4 |  11.1 |  16.8 |  49.0 | 1282.4
         Abyss |   4.8 |   5.6 |   0.0 |  14.8 |  32.2 | 488.4
         Trove |   0.0 |   0.1 |   0.0 |   0.0 |  58.0 |  50.0
        Bailey |   0.3 |   0.3 |   0.0 |   1.4 |  55.1 | 294.0
      Gauntlet |   0.6 |   0.7 |   0.0 |  15.2 |  22.7 | 653.0
               +-------+-------+-------+-------+-------+----------------------

Table legend:
 A = Kills in this place as a percentage of kills in entire the game.
 B = Kills by you in this place as a percentage of kills by you in the entire game.
 C = Kills by friends in this place as a percentage of kills by friends in the entire game.
 D = Other kills in this place as a percentage of other kills in the entire game.
 E = Experience gained in this place as a percentage of experience gained in the entire game.
 F = Experience gained in this place divided by the number of levels of this place that you have seen.
                   A       B       C       D       E      F
               +-------+-------+-------+-------+-------+----------------------
         Total | 100.0 | 100.0 | 100.0 | 100.0 | 100.0 | 27627.3
       Dungeon |  19.2 |  19.8 |   7.1 |   6.7 |   5.0 | 6484.7
          Lair |   6.3 |   6.6 |   0.0 |   0.0 |   3.0 | 9705.7
         Swamp |   4.1 |   4.1 |   4.1 |   0.0 |   3.2 | 15862.8
     Snake Pit |   7.2 |   7.2 |   9.2 |   2.2 |   6.3 | 30961.2
    Slime Pits |   2.3 |   2.4 |   2.0 |   0.0 |   3.2 | 12398.8
  Orcish Mines |   2.6 |   2.7 |   0.0 |   0.0 |   0.7 | 6657.5
   Elven Halls |   6.5 |   6.4 |   2.0 |  24.4 |   7.9 | 51355.7
        Vaults |  14.8 |  14.8 |   5.1 |  33.3 |  18.7 | 73372.2
         Crypt |   6.9 |   7.3 |   0.0 |   0.0 |   7.1 | 46701.7
        Depths |  12.3 |  11.2 |  39.8 |  24.4 |  17.8 | 69697.6
           Zot |   6.2 |   6.3 |   3.1 |   6.7 |  17.4 | 68357.6
         Abyss |  10.1 |  10.0 |  16.3 |   2.2 |   9.6 | 18870.2
        Bailey |   1.1 |   0.9 |   9.2 |   0.0 |   0.0 | 403.0
      Gauntlet |   0.3 |   0.3 |   2.0 |   0.0 |   0.2 | 3012.0
               +-------+-------+-------+-------+-------+----------------------
